Workbook

Sheet Landing Page
B2: Please note: this spreadsheet uses hidden pages for data formatting.
B3: I apologise for the formatting weirdness, much of it is artifacts from the conversion from google sheets (where most of the formatting and data analysis was done) to .odf format.
B5: If you have any questions or comments, please email admin@twyford.hants.uk clearly stating your reason for contact, and you should be referred by the assistant clerk to a representative of the climate group.

Sheet Online Form Responses 1
A1: Timestamp | B1: Are you answering as an individual, on behalf of a household, or on behalf of a business? | C1: On a scale of 0-5, how much do you think Twyford should focus on addressing climate change and its impacts? | D1: What are your biggest concerns about the effects of climate change? (Select any/all that apply) | E1: What steps have you/your household/your business taken to reduce the impact of climate change? (Select any/all that apply) | F1: What are the things that hold you back from doing more? (Select any/all that apply) | G1: I'd potentially be interested in... (select any/all that apply) | H1: What do you think we could do as a village to have the greatest impact on the climate? | I1: We need a great name for our group - any ideas? | J1: If there's anything else you want to share with us, please add your comments here: | K1: How old are you?
A2: 46044.753 | B2: Individual or Household | C2: 5 | D2: The impact on my children and grandchildren, Loss of biodiversity, Extreme heat/wildfires, Higher bills (higher prices of food, water, energy, etc.), Economic/political instability, Impacts of climate change on poorer communities elsewhere in the world, Climate migration | E2: Nature friendly gardening (e.g. planting wildflowers, rewilding, using peat-free compost), Adopted a more climate-friendly diet (e.g. reduced meat consumption, buying local, buying food in season), Reduced my travel, Used lower carbon ways of travelling (e.g. walking, cycling, public transport), Invested in an electric/hybrid car, Reduced my energy use, Installed insulation, Reused or repaired items, Composted or recycled waste, Reduced water use (e.g. install water butts, shorter showers), Reduced heat risk (e.g. additional planting, shading around my property), Joined a climate or environmental group, Talked to friends and family about climate change or actions I've taken, Solar panels plus storage battery | F2: I've done as much as I can | G2: Information about what I can do (including talks/demonstrations), Joining others with similar interests so we can create action together, Opportunities to talk about my feelings about climate change, Practical tasks or projects | H2: Reduce traffic, plant more trees, hold veggie days in local pubs and cafes | K2: Over 65
A3: 46045.562 | B3: Individual or Household | C3: 5 | D3: The impact on my children and grandchildren, Loss of biodiversity, Floods and storms, Extreme heat/wildfires, Economic/political instability, Impacts of climate change on poorer communities elsewhere in the world | E3: Nature friendly gardening (e.g. planting wildflowers, rewilding, using peat-free compost), Adopted a more climate-friendly diet (e.g. reduced meat consumption, buying local, buying food in season), Reduced my travel, Used lower carbon ways of travelling (e.g. walking, cycling, public transport), Reduced my energy use, Hired or borrowed items instead of buying, Reused or repaired items, Composted or recycled waste, Reduced water use (e.g. install water butts, shorter showers), Reduced heat risk (e.g. additional planting, shading around my property), Taken political action (e.g. written to MP, taken part in campaigns or protests), Joined a climate or environmental group, Talked to friends and family about climate change or actions I've taken | F3: I don't have the money, I don't have the time | G3: Information about what I can do (including talks/demonstrations), Practical tasks or projects | H3: Reduce traffic: eg reduce car use by residents and traffic volume passing through the village. NB traffic was the biggest quality of life issue for residents in Neighbourhood Plan consultation. | I3: Sustain Twyford | K3: Over 65
A4: 46048.548 | B4: Individual | C4: 5 | D4: The impact on my children and grandchildren, Loss of biodiversity, Floods and storms, Water shortages, Extreme heat/wildfires, Higher bills (higher prices of food, water, energy, etc.), Economic/political instability, Impacts of climate change on poorer communities elsewhere in the world, Climate migration | E4: Nature friendly gardening (e.g. planting wildflowers, rewilding, using peat-free compost), Adopted a more climate-friendly diet (e.g. reduced meat consumption, buying local, buying food in season), Reduced my travel, Used lower carbon ways of travelling (e.g. walking, cycling, public transport), Installed insulation, Hired or borrowed items instead of buying, Reused or repaired items, Composted or recycled waste, Reduced water use (e.g. install water butts, shorter showers), Moved my money to sustainable banks or invested in sustainable funds, Taken political action (e.g. written to MP, taken part in campaigns or protests), Joined a climate or environmental group, Talked to friends and family about climate change or actions I've taken | F4: I’m doing as much as I can for now | G4: Information about what I can do (including talks/demonstrations), Joining others with similar interests so we can create action together, Opportunities to talk about my feelings about climate change, Practical tasks or projects, Sharing my skills and knowledge with others, Setting up locally run projects or campaigns | H4: Provide an hub for opportunities and signposting for people to come together as groups who all focus on different topics where local or global. Encourage everyone to lead or contribute according to their own interests and specialisms rather than a prescriptive one size fits all approach. We need to build a strong community to help us through the challenges associated with what’s being billed as the poly crisis. As well as community involvement, we really need bold and visible leadership from the Parish Council. | I4: Not my specialism but I like ideas that incorporate words such as: Twyford, Environment, Climate, Community, Adaption, Restoration, Resilience | K4: 45-54
A5: 46051.948 | B5: Household | C5: 5 | D5: The impact on my children and grandchildren, Loss of biodiversity, Floods and storms, Water shortages, Extreme heat/wildfires, Higher bills (higher prices of food, water, energy, etc.), Economic/political instability, Impacts of climate change on poorer communities elsewhere in the world, Climate migration, Negative impact on health of climate change | E5: Adopted a more climate-friendly diet (e.g. reduced meat consumption, buying local, buying food in season), Reduced my travel, Used lower carbon ways of travelling (e.g. walking, cycling, public transport), Invested in an electric/hybrid car, Reused or repaired items, Composted or recycled waste, Reduced water use (e.g. install water butts, shorter showers), Moved my money to sustainable banks or invested in sustainable funds, Taken political action (e.g. written to MP, taken part in campaigns or protests), Joined a climate or environmental group, Talked to friends and family about climate change or actions I've taken | F5: I don't have the time | G5: Information about what I can do (including talks/demonstrations), Joining others with similar interests so we can create action together, Opportunities to talk about my feelings about climate change, Practical tasks or projects, Sharing my skills and knowledge with others, Setting up locally run projects or campaigns | H5: 1) Reduce the speed limit through the village in a meaningful way (with speed cameras) to reduce the negative impact from air pollution on the climate and residents. 2) Campaign and work towards better infrastructure for safer cycling and walking routes and public transport. 3) Conservation of the green spaces around the village and the beautiful nature spaces we are so fortunate to be surrounded by. | I5: Twyford Action for Climate Change (TACC) | J5: I would be happy to volunteer time to the group if details of this are shared. | K5: 35-44
A6: 46051.976 | B6: Household | C6: 5 | D6: The impact on my children and grandchildren, Loss of biodiversity, Floods and storms, Water shortages, Extreme heat/wildfires, Economic/political instability, Impacts of climate change on poorer communities elsewhere in the world, Climate migration | E6: Adopted a more climate-friendly diet (e.g. reduced meat consumption, buying local, buying food in season), Used lower carbon ways of travelling (e.g. walking, cycling, public transport), Invested in an electric/hybrid car, Composted or recycled waste, Moved my money to sustainable banks or invested in sustainable funds, Taken political action (e.g. written to MP, taken part in campaigns or protests), Talked to friends and family about climate change or actions I've taken | F6: I don't have the money, I believe it's up to those in power to lead | G6: Joining others with similar interests so we can create action together, Practical tasks or projects, Sharing my skills and knowledge with others, Setting up locally run projects or campaigns | H6: Introduce safe cycling routes to Winchester, Shawford and Colden Common. Reduce the speed limit to 20mph through the village with speed cameras. | K6: 35-44
A7: 46052.529 | B7: Individual | C7: 5 | D7: The impact on my children and grandchildren, Loss of biodiversity, Floods and storms, Water shortages, Extreme heat/wildfires | E7: Nature friendly gardening (e.g. planting wildflowers, rewilding, using peat-free compost), Adopted a more climate-friendly diet (e.g. reduced meat consumption, buying local, buying food in season), Used lower carbon ways of travelling (e.g. walking, cycling, public transport), Hired or borrowed items instead of buying, Reused or repaired items, Composted or recycled waste, Reduced water use (e.g. install water butts, shorter showers) | F7: N/a | G7: Information about what I can do (including talks/demonstrations), Joining others with similar interests so we can create action together, Practical tasks or projects, Setting up locally run projects or campaigns | H7: Promote and encourage the little/easy changes that everyone can do. Rewilding of the available land. | K7: 45-54
A8: 46052.809 | B8: Household | C8: 5 | D8: The impact on my children and grandchildren, Loss of biodiversity, Floods and storms, Impacts of climate change on poorer communities elsewhere in the world, Climate migration | E8: Nature friendly gardening (e.g. planting wildflowers, rewilding, using peat-free compost), Adopted a more climate-friendly diet (e.g. reduced meat consumption, buying local, buying food in season), Reduced my travel, Invested in an electric/hybrid car, Reduced my energy use, Installed insulation, Installed a greener heating system, Reused or repaired items, Composted or recycled waste, Reduced water use (e.g. install water butts, shorter showers), Moved my money to sustainable banks or invested in sustainable funds, Installed significant solar generation | F8: Balancing demands of life with taking action | G8: Information about what I can do (including talks/demonstrations) | H8: Take care of our green spaces and promote locally grown non plastic covered or processed foods eg support Hampshire Market Garden | K8: 55-64
A9: 46061.695 | B9: Household | C9: 5 | D9: The impact on my children and grandchildren, Loss of biodiversity, Floods and storms, Water shortages, Extreme heat/wildfires, Economic/political instability, Impacts of climate change on poorer communities elsewhere in the world | E9: Nature friendly gardening (e.g. planting wildflowers, rewilding, using peat-free compost), Adopted a more climate-friendly diet (e.g. reduced meat consumption, buying local, buying food in season), Reduced my travel, Hired or borrowed items instead of buying, Reused or repaired items, Composted or recycled waste, Moved my money to sustainable banks or invested in sustainable funds, Taken political action (e.g. written to MP, taken part in campaigns or protests), Joined a climate or environmental group, Talked to friends and family about climate change or actions I've taken | F9: I don't have the money, I don't have the time, I believe it's up to those in power to lead | G9: Information about what I can do (including talks/demonstrations), Joining others with similar interests so we can create action together, Opportunities to talk about my feelings about climate change, Practical tasks or projects, Sharing my skills and knowledge with others, Setting up locally run projects or campaigns, Attending protests | H9: Educate, large (and small scale) biodiviersity efforts, sharing economy (repair, reuse, teach skills), monthly repair cafe. | J9: We will be messaging about getting inolved! | K9: 35-44
A10: 46063.705 | B10: Household | C10: 4 | D10: Loss of biodiversity, Floods and storms, Water shortages, Extreme heat/wildfires, Higher bills (higher prices of food, water, energy, etc.), Impacts of climate change on poorer communities elsewhere in the world | E10: Adopted a more climate-friendly diet (e.g. reduced meat consumption, buying local, buying food in season), Invested in an electric/hybrid car, Installed a greener heating system, Reused or repaired items, Composted or recycled waste, Reduced water use (e.g. install water butts, shorter showers) | F10: I don't have the money | G10: Information about what I can do (including talks/demonstrations) | K10: 45-54
A11: 46063.705 | B11: Individual | C11: 5 | D11: The impact on my children and grandchildren, Loss of biodiversity, Floods and storms, Water shortages, Climate migration | E11: Adopted a more climate-friendly diet (e.g. reduced meat consumption, buying local, buying food in season), Reduced my travel, Used lower carbon ways of travelling (e.g. walking, cycling, public transport), Reduced my energy use, Installed insulation, Composted or recycled waste | F11: I don't have the money, I don't have the time | G11: Setting up locally run projects or campaigns | H11: Lobby local government to improve bus access in Twyford, especially a direct and regular bus to Winchester station at peak commuting hours, synchronised with the London trains. Also, stop parish council grazing cows on common land! | K11: 45-54
A12: 46063.721 | B12: Individual | C12: 5 | D12: The impact on my children and grandchildren, Loss of biodiversity, Floods and storms, Water shortages, Extreme heat/wildfires, Higher bills (higher prices of food, water, energy, etc.), Economic/political instability, Impacts of climate change on poorer communities elsewhere in the world, Climate migration | E12: Nature friendly gardening (e.g. planting wildflowers, rewilding, using peat-free compost), Invested in an electric/hybrid car, Reduced my energy use, Installed a greener heating system, Composted or recycled waste, Reduced water use (e.g. install water butts, shorter showers) | F12: I don't know what I can do | G12: Practical tasks or projects | K12: 55-64
A13: 46064.251 | B13: Individual | C13: 1 | D13: Higher bills (higher prices of food, water, energy, etc.) | E13: Composted or recycled waste | F13: I've done as much as I can | G13: None of the above | K13: 45-54
A14: 46064.744 | B14: Household | C14: 5 | D14: The impact on my children and grandchildren, Loss of biodiversity, Floods and storms, Water shortages, Extreme heat/wildfires, Impacts of climate change on poorer communities elsewhere in the world | E14: Nature friendly gardening (e.g. planting wildflowers, rewilding, using peat-free compost), Adopted a more climate-friendly diet (e.g. reduced meat consumption, buying local, buying food in season), Used lower carbon ways of travelling (e.g. walking, cycling, public transport), Installed insulation, Composted or recycled waste, Reduced water use (e.g. install water butts, shorter showers) | F14: I don't have the money | G14: Information about what I can do (including talks/demonstrations) | K14: Over 65
A15: 46064.963 | B15: Individual | C15: 4 | D15: The impact on my children and grandchildren, Loss of biodiversity, Floods and storms, Water shortages, Extreme heat/wildfires, Economic/political instability, Impacts of climate change on poorer communities elsewhere in the world, Climate migration, Ground water flooding | E15: Adopted a more climate-friendly diet (e.g. reduced meat consumption, buying local, buying food in season), Installed a greener heating system, Reused or repaired items, Composted or recycled waste, Taken political action (e.g. written to MP, taken part in campaigns or protests), Haven't flown in a plane for about 14 years. | F15: I often take the easy way out! | G15: Information about what I can do (including talks/demonstrations) | H15: "20's Plenty" throughout the village (including main road) | K15: Over 65
A16: 46065.286 | B16: Individual | C16: 4 | D16: The impact on my children and grandchildren, Loss of biodiversity, Floods and storms, Water shortages, Extreme heat/wildfires, Economic/political instability, Impacts of climate change on poorer communities elsewhere in the world | E16: Nature friendly gardening (e.g. planting wildflowers, rewilding, using peat-free compost), Adopted a more climate-friendly diet (e.g. reduced meat consumption, buying local, buying food in season), Reduced my energy use, Reused or repaired items, Composted or recycled waste, Talked to friends and family about climate change or actions I've taken | F16: I don't know what I can do | G16: Practical tasks or projects | H16: Community projects | I16: Working on it! | J16: Well done - great this group has been set up | K16: 45-54
A17: 46065.478 | B17: Household | C17: 5 | D17: The impact on my children and grandchildren, Loss of biodiversity, Impacts of climate change on poorer communities elsewhere in the world | E17: Nature friendly gardening (e.g. planting wildflowers, rewilding, using peat-free compost), Adopted a more climate-friendly diet (e.g. reduced meat consumption, buying local, buying food in season), Reduced my travel, Used lower carbon ways of travelling (e.g. walking, cycling, public transport), Invested in an electric/hybrid car, Reduced my energy use, Reused or repaired items, Composted or recycled waste, Reduced water use (e.g. install water butts, shorter showers), Talked to friends and family about climate change or actions I've taken | F17: I don't know what I can do, I don't like thinking about climate change | G17: Information about what I can do (including talks/demonstrations), Practical tasks or projects | K17: 55-64
A18: 46065.507 | B18: Individual | C18: 5 | D18: Loss of biodiversity, Water shortages, Extreme heat/wildfires, Economic/political instability, Impacts of climate change on poorer communities elsewhere in the world | E18: Adopted a more climate-friendly diet (e.g. reduced meat consumption, buying local, buying food in season), Reduced my travel, Used lower carbon ways of travelling (e.g. walking, cycling, public transport), Installed insulation, Reused or repaired items, Composted or recycled waste, Moved my money to sustainable banks or invested in sustainable funds, Joined a climate or environmental group, Talked to friends and family about climate change or actions I've taken | F18: I feel stuck | G18: Information about what I can do (including talks/demonstrations), Joining others with similar interests so we can create action together, Practical tasks or projects, Sharing my skills and knowledge with others, Setting up locally run projects or campaigns, Attending protests | H18: create a proper cycle connection between Twyford and Winchester; focus on getting community involved in climate transition with small projects to build community cohesion on climate | K18: 16-24
A19: 46065.51 | B19: Individual | C19: 5 | D19: The impact on my children and grandchildren, Floods and storms, Extreme heat/wildfires, Higher bills (higher prices of food, water, energy, etc.), Economic/political instability, Impacts of climate change on poorer communities elsewhere in the world, Climate migration | E19: Nature friendly gardening (e.g. planting wildflowers, rewilding, using peat-free compost), Adopted a more climate-friendly diet (e.g. reduced meat consumption, buying local, buying food in season), Used lower carbon ways of travelling (e.g. walking, cycling, public transport), Reused or repaired items, Composted or recycled waste | F19: I believe it's up to those in power to lead | G19: Practical tasks or projects | H19: An on-line means to list items for reuse. I know there is FB market place, but there are people like me who do not have a FB account - my way to reduce energy use! | I19: Climate Action in Twyford (CAT) | K19: Over 65
A20: 46065.639 | B20: Individual | C20: 5 | D20: The impact on my children and grandchildren, Loss of biodiversity, Floods and storms, Water shortages, Extreme heat/wildfires, Higher bills (higher prices of food, water, energy, etc.), Impacts of climate change on poorer communities elsewhere in the world, People travelling by air and polution harming the environment! | E20: Nature friendly gardening (e.g. planting wildflowers, rewilding, using peat-free compost), Adopted a more climate-friendly diet (e.g. reduced meat consumption, buying local, buying food in season), Reduced my travel, Used lower carbon ways of travelling (e.g. walking, cycling, public transport), Installed insulation, Reused or repaired items, Composted or recycled waste, Taken political action (e.g. written to MP, taken part in campaigns or protests), Joined a climate or environmental group, Talked to friends and family about climate change or actions I've taken, Asking for popular bus route to be reinstated to reduce traffic in City. | F20: I don't have the money, I don't have the time, Talking to people about the choices they make. Looking at alternatives | G20: Information about what I can do (including talks/demonstrations), Practical tasks or projects, Sharing my skills and knowledge with others, Education on climate change for children and adults | H20: Limit travel and reduce pollution. Keep gardens and open spaces green. | J20: Joined up thinking about the environment. Taking care of green spaces. Fly tipping and litter | K20: Over 65
A21: 46066.414 | B21: Household | C21: 3 | D21: The impact on my children and grandchildren, Higher bills (higher prices of food, water, energy, etc.), Economic/political instability | E21: Hired or borrowed items instead of buying, Reused or repaired items | F21: I don't have the time, I believe it's up to those in power to lead | G21: Opportunities to talk about my feelings about climate change, Practical tasks or projects | K21: 35-44
A22: 46068.612 | B22: Individual | C22: 5 | D22: Loss of biodiversity, Floods and storms, Water shortages, Extreme heat/wildfires, Higher bills (higher prices of food, water, energy, etc.), Economic/political instability, Impacts of climate change on poorer communities elsewhere in the world | E22: Nature friendly gardening (e.g. planting wildflowers, rewilding, using peat-free compost), Adopted a more climate-friendly diet (e.g. reduced meat consumption, buying local, buying food in season), Reduced my travel, Used lower carbon ways of travelling (e.g. walking, cycling, public transport), Reduced my energy use, Installed a greener heating system, Hired or borrowed items instead of buying, Reused or repaired items, Composted or recycled waste, Reduced water use (e.g. install water butts, shorter showers), Moved my money to sustainable banks or invested in sustainable funds, Taken political action (e.g. written to MP, taken part in campaigns or protests), Joined a climate or environmental group, Talked to friends and family about climate change or actions I've taken | F22: I don't have the time | G22: Information about what I can do (including talks/demonstrations), Practical tasks or projects, Attending protests | H22: Reduce heavy goods traffic through the village, reduced the speed.limit and campaign for a better bus and train service. | K22: 45-54
A23: 46072.571 | B23: Individual | C23: 4 | D23: The impact on my children and grandchildren, Loss of biodiversity, Impacts of climate change on poorer communities elsewhere in the world | E23: Adopted a more climate-friendly diet (e.g. reduced meat consumption, buying local, buying food in season), Reduced my travel, Used lower carbon ways of travelling (e.g. walking, cycling, public transport), Reduced my energy use, Hired or borrowed items instead of buying, Composted or recycled waste, Reduced water use (e.g. install water butts, shorter showers), Talked to friends and family about climate change or actions I've taken | F23: I don't have the money | G23: Information about what I can do (including talks/demonstrations) | H23: Educating people on what they can do | K23: 55-64
A24: 46082.539 | B24: Individual | C24: 3 | D24: Loss of biodiversity, Higher bills (higher prices of food, water, energy, etc.), Impacts of climate change on poorer communities elsewhere in the world | E24: Nature friendly gardening (e.g. planting wildflowers, rewilding, using peat-free compost), Used lower carbon ways of travelling (e.g. walking, cycling, public transport), Reduced my energy use, Installed insulation, Hired or borrowed items instead of buying, Reused or repaired items, Composted or recycled waste, Reduced water use (e.g. install water butts, shorter showers) | F24: I don't know what I can do, I don't believe I can have an impact | G24: Information about what I can do (including talks/demonstrations), Practical tasks or projects, Setting up locally run projects or campaigns | H24: Take some ownership instead of saying 'why haven't they done something' ....whoever they might be ! | K24: 55-64
A25: 46082.55 | B25: Household | C25: 5 | D25: Floods and storms, Economic/political instability, Impacts of climate change on poorer communities elsewhere in the world | E25: Nature friendly gardening (e.g. planting wildflowers, rewilding, using peat-free compost), Adopted a more climate-friendly diet (e.g. reduced meat consumption, buying local, buying food in season), Used lower carbon ways of travelling (e.g. walking, cycling, public transport), Invested in an electric/hybrid car, Reduced my energy use, Installed insulation, Installed a greener heating system, Hired or borrowed items instead of buying, Reused or repaired items, Composted or recycled waste, Reduced flood risk by replacing solid surfaces with permeable surfaces, Reduced water use (e.g. install water butts, shorter showers), Taken political action (e.g. written to MP, taken part in campaigns or protests), Joined a climate or environmental group, Talked to friends and family about climate change or actions I've taken, Fitred an air source heat pump 5 years ago. | F25: I feel stuck, Climate change deniers in power. Trump terrifies me. Climate | G25: Practical tasks or projects | H25: Not sure | K25: 45-54
A26: 46082.589 | B26: Individual | C26: 4 | D26: Loss of biodiversity, Economic/political instability, Impacts of climate change on poorer communities elsewhere in the world | E26: Nature friendly gardening (e.g. planting wildflowers, rewilding, using peat-free compost), Used lower carbon ways of travelling (e.g. walking, cycling, public transport), Reused or repaired items, Taken political action (e.g. written to MP, taken part in campaigns or protests) | F26: I don't have the money | G26: None of the above | H26: Stop mowing the churchyard into oblivion. Once a year is best. | I26: Twyford EcoSystems Group | J26: Move away from climate to preserving biodiversity: stop using pesticides, herbicides and topical pesticides on pets. | K26: 45-54
A27: 46082.594 | B27: Household | C27: 5 | D27: The impact on my children and grandchildren, Loss of biodiversity, Floods and storms, Water shortages, Extreme heat/wildfires, Higher bills (higher prices of food, water, energy, etc.), Economic/political instability | E27: Nature friendly gardening (e.g. planting wildflowers, rewilding, using peat-free compost), Reused or repaired items, Composted or recycled waste, Talked to friends and family about climate change or actions I've taken | F27: I don't believe I can have an impact, I feel stuck | G27: Information about what I can do (including talks/demonstrations), Practical tasks or projects, Setting up locally run projects or campaigns | K27: 45-54
A28: 46082.61 | B28: Individual | C28: 3 | D28: The impact on my children and grandchildren, Loss of biodiversity, Floods and storms, Water shortages, Extreme heat/wildfires | E28: Nature friendly gardening (e.g. planting wildflowers, rewilding, using peat-free compost), Adopted a more climate-friendly diet (e.g. reduced meat consumption, buying local, buying food in season), Used lower carbon ways of travelling (e.g. walking, cycling, public transport), Invested in an electric/hybrid car, Reused or repaired items, Composted or recycled waste | F28: I don't believe I can have an impact | G28: Practical tasks or projects | H28: Continue to campaign for bus routes to be reinstated. Repair cafe. Group for borrowing/lending items only needed once or occasionally | I28: Twyford Climate Action | K28: 55-64
A29: 46082.853 | B29: Household | C29: 5 | D29: Loss of biodiversity, Floods and storms, Impacts of climate change on poorer communities elsewhere in the world, Climate migration | E29: Adopted a more climate-friendly diet (e.g. reduced meat consumption, buying local, buying food in season), Used lower carbon ways of travelling (e.g. walking, cycling, public transport), Reduced my energy use, Hired or borrowed items instead of buying, Reused or repaired items, Composted or recycled waste, Reduced water use (e.g. install water butts, shorter showers) | F29: I don't know what I can do, I don't have the money, I don't have the time, I believe it's up to those in power to lead | G29: Information about what I can do (including talks/demonstrations), Practical tasks or projects, Setting up locally run projects or campaigns | H29: Re wilding areas of the village and solar panels for energy | I29: Climate cohort | K29: 35-44
A30: 46082.863 | B30: Household | C30: 5 | D30: Loss of biodiversity, Floods and storms, Higher bills (higher prices of food, water, energy, etc.) | E30: Nature friendly gardening (e.g. planting wildflowers, rewilding, using peat-free compost), Adopted a more climate-friendly diet (e.g. reduced meat consumption, buying local, buying food in season), Hired or borrowed items instead of buying, Reused or repaired items, Composted or recycled waste, Reduced water use (e.g. install water butts, shorter showers) | F30: I don't have the time | G30: Joining others with similar interests so we can create action together, Opportunities to talk about my feelings about climate change | K30: 45-54
A31: 46084.359 | B31: Household | C31: 4 | D31: Loss of biodiversity, Water shortages, Extreme heat/wildfires | E31: Nature friendly gardening (e.g. planting wildflowers, rewilding, using peat-free compost), Adopted a more climate-friendly diet (e.g. reduced meat consumption, buying local, buying food in season), Reduced my travel, Reduced my energy use, Reused or repaired items, Composted or recycled waste, Reduced flood risk by replacing solid surfaces with permeable surfaces, Reduced water use (e.g. install water butts, shorter showers), Reduced heat risk (e.g. additional planting, shading around my property), Taken political action (e.g. written to MP, taken part in campaigns or protests), Joined a climate or environmental group, Talked to friends and family about climate change or actions I've taken, Work in conservation, dedicated my life to a more sustainable future | F31: I don't have the money, We are in 100 year old house that cannot have cavity insulation. Bad designed house | G31: Information about what I can do (including talks/demonstrations), Joining others with similar interests so we can create action together, Practical tasks or projects, Sharing my skills and knowledge with others, Attending protests | H31: Keep on what your doing, keeping development to a minimum. Encourage green spaces within village | J31: I have 30+ years in horticulture including conservation and ecology and qualified in garden design. I can help with practical solutions, advice and physical work. | K31: 45-54
A32: 46149.787 | B32: Household | C32: 5 | D32: The impact on my children and grandchildren, Loss of biodiversity, Floods and storms, Water shortages, Extreme heat/wildfires, Higher bills (higher prices of food, water, energy, etc.), Economic/political instability, Impacts of climate change on poorer communities elsewhere in the world, Climate migration | E32: Nature friendly gardening (e.g. planting wildflowers, rewilding, using peat-free compost), Adopted a more climate-friendly diet (e.g. reduced meat consumption, buying local, buying food in season), Reduced my travel, Used lower carbon ways of travelling (e.g. walking, cycling, public transport), Reused or repaired items, Composted or recycled waste, Reduced water use (e.g. install water butts, shorter showers), Reduced heat risk (e.g. additional planting, shading around my property), Taken political action (e.g. written to MP, taken part in campaigns or protests), Talked to friends and family about climate change or actions I've taken | F32: I don't have the money, I don't have the time, I don't believe I can have an impact, I believe it's up to those in power to lead | G32: Practical tasks or projects, Setting up locally run projects or campaigns | K32: 45-54
A33: 46149.787 | B33: Household | C33: 4 | D33: The impact on my children and grandchildren, Floods and storms, Higher bills (higher prices of food, water, energy, etc.), Economic/political instability | E33: Used lower carbon ways of travelling (e.g. walking, cycling, public transport), Hired or borrowed items instead of buying, Reused or repaired items, Composted or recycled waste | F33: I don't know what I can do, I don't have the money | G33: Information about what I can do (including talks/demonstrations), Practical tasks or projects | K33: 35-44
A34: 46149.789 | B34: Individual | C34: 5 | D34: Loss of biodiversity, Floods and storms, Water shortages, Economic/political instability, Impacts of climate change on poorer communities elsewhere in the world, Climate migration | E34: Nature friendly gardening (e.g. planting wildflowers, rewilding, using peat-free compost), Composted or recycled waste | F34: I don't believe I can have an impact, I don't like thinking about climate change, I feel stuck | G34: None of the above | H34: Create a system for sharing travel - look into using BlaBlaCar. It would obviously require a lot of people to make it effective . | K34: 55-64
A35: 46149.852 | B35: Household | C35: 4 | D35: The impact on my children and grandchildren | E35: Adopted a more climate-friendly diet (e.g. reduced meat consumption, buying local, buying food in season), Reduced my travel, Used lower carbon ways of travelling (e.g. walking, cycling, public transport), Invested in an electric/hybrid car, Reduced my energy use, Hired or borrowed items instead of buying, Reused or repaired items, Composted or recycled waste | F35: I don't know what I can do, I don't have the time | G35: Information about what I can do (including talks/demonstrations) | H35: Campaign for the bike lane | K35: 35-44
A36: 46149.862 | B36: Household | C36: 5 | D36: The impact on my children and grandchildren, Floods and storms, Water shortages, Extreme heat/wildfires, Higher bills (higher prices of food, water, energy, etc.), Economic/political instability | E36: Nature friendly gardening (e.g. planting wildflowers, rewilding, using peat-free compost), Adopted a more climate-friendly diet (e.g. reduced meat consumption, buying local, buying food in season), Reduced my travel, Used lower carbon ways of travelling (e.g. walking, cycling, public transport), Invested in an electric/hybrid car, Hired or borrowed items instead of buying, Reused or repaired items, Composted or recycled waste, Reduced water use (e.g. install water butts, shorter showers), Talked to friends and family about climate change or actions I've taken | F36: I don't have the time, I feel stuck | G36: Information about what I can do (including talks/demonstrations), Joining others with similar interests so we can create action together, Opportunities to talk about my feelings about climate change, Practical tasks or projects, Setting up locally run projects or campaigns | H36: Village projects…. We always pull together so would work | K36: 45-54
A37: 46149.905 | B37: Household | C37: 4 | D37: The impact on my children and grandchildren, Loss of biodiversity, Higher bills (higher prices of food, water, energy, etc.) | E37: Nature friendly gardening (e.g. planting wildflowers, rewilding, using peat-free compost), Used lower carbon ways of travelling (e.g. walking, cycling, public transport), Invested in an electric/hybrid car, Reduced my energy use, Reused or repaired items, Composted or recycled waste | F37: I don't have the money | G37: None of the above | K37: 45-54
A38: 46149.913 | B38: Household | C38: 4 | D38: The impact on my children and grandchildren, Loss of biodiversity, Water shortages, Higher bills (higher prices of food, water, energy, etc.) | E38: Nature friendly gardening (e.g. planting wildflowers, rewilding, using peat-free compost), Adopted a more climate-friendly diet (e.g. reduced meat consumption, buying local, buying food in season), Reduced my travel, Used lower carbon ways of travelling (e.g. walking, cycling, public transport), Invested in an electric/hybrid car, Reduced my energy use, Reused or repaired items, Composted or recycled waste, Reduced water use (e.g. install water butts, shorter showers) | F38: I don't have the money, I don't have the time | G38: None of the above | K38: 45-54
A39: 46149.913 | B39: Household | C39: 4 | D39: The impact on my children and grandchildren, Loss of biodiversity, Extreme heat/wildfires, Impacts of climate change on poorer communities elsewhere in the world | E39: Nature friendly gardening (e.g. planting wildflowers, rewilding, using peat-free compost), Adopted a more climate-friendly diet (e.g. reduced meat consumption, buying local, buying food in season), Used lower carbon ways of travelling (e.g. walking, cycling, public transport), Installed insulation, Installed a greener heating system, Hired or borrowed items instead of buying, Reused or repaired items, Composted or recycled waste, Reduced flood risk by replacing solid surfaces with permeable surfaces, Reduced water use (e.g. install water butts, shorter showers), Talked to friends and family about climate change or actions I've taken | F39: I don't know what I can do, I've done as much as I can | G39: Information about what I can do (including talks/demonstrations), Practical tasks or projects | H39: Traffic through the village, better public bus service to the village | J39: Thank you for getting people talking about this | K39: 45-54
A40: 46150.735 | B40: Household | C40: 5 | D40: Loss of biodiversity, Floods and storms, Water shortages, Extreme heat/wildfires, Higher bills (higher prices of food, water, energy, etc.), Economic/political instability | E40: Reduced my travel, Used lower carbon ways of travelling (e.g. walking, cycling, public transport), Reduced my energy use, Reused or repaired items, Composted or recycled waste | F40: I don't have the money, I don't have the time | G40: Joining others with similar interests so we can create action together, Practical tasks or projects, Setting up locally run projects or campaigns | H40: G | I40: G | J40: G | K40: 45-54
A41: 46150.892 | B41: Individual | C41: 3 | D41: The impact on my children and grandchildren, Loss of biodiversity, Floods and storms, Water shortages, Impacts of climate change on poorer communities elsewhere in the world, Climate migration | E41: Nature friendly gardening (e.g. planting wildflowers, rewilding, using peat-free compost), Adopted a more climate-friendly diet (e.g. reduced meat consumption, buying local, buying food in season), Invested in an electric/hybrid car, Reduced my energy use, Reused or repaired items, Composted or recycled waste | F41: I believe it's up to those in power to lead | G41: Information about what I can do (including talks/demonstrations), Practical tasks or projects | K41: 45-54
A42: 46151.335 | B42: Individual | C42: 5 | D42: The impact on my children and grandchildren, Loss of biodiversity, Floods and storms, Higher bills (higher prices of food, water, energy, etc.), Impacts of climate change on poorer communities elsewhere in the world, Climate migration | E42: Nature friendly gardening (e.g. planting wildflowers, rewilding, using peat-free compost), Used lower carbon ways of travelling (e.g. walking, cycling, public transport), Reduced my energy use, Installed insulation, Reused or repaired items, Composted or recycled waste, Reduced water use (e.g. install water butts, shorter showers), Taken political action (e.g. written to MP, taken part in campaigns or protests), Talked to friends and family about climate change or actions I've taken | F42: I don't have the money, I don't have the time | G42: Information about what I can do (including talks/demonstrations), Attending protests | H42: Focus on nature! Create more nature friendly environments (Hunter park has space) and we have lots of other spaces. Focusing in on habits. A campaign to ask people to create nature friendly gardens and ‘’how to tips’’. Ensure that the new building developments has green spaces and biodiversity thinking. Swift boxes. Let the hedgerows grow. Encourage wild meadows (hazely road land) Traffic lights at the bugle (get them in (what’s taking so long and reduce emissions). A bike track to winchester that is accessible for families. | K42: 45-54
A43: 46151.342 | B43: Household | C43: 4 | D43: The impact on my children and grandchildren, Loss of biodiversity | E43: Used lower carbon ways of travelling (e.g. walking, cycling, public transport), Invested in an electric/hybrid car, Reduced my energy use, Composted or recycled waste, Reduced water use (e.g. install water butts, shorter showers), Talked to friends and family about climate change or actions I've taken | F43: I don't have the money | G43: Information about what I can do (including talks/demonstrations) | K43: 35-44
A44: 46151.355 | B44: Individual | C44: 5 | D44: The impact on my children and grandchildren, Loss of biodiversity, Floods and storms, Water shortages, Extreme heat/wildfires, Higher bills (higher prices of food, water, energy, etc.), Economic/political instability, Impacts of climate change on poorer communities elsewhere in the world, Climate migration | E44: Nature friendly gardening (e.g. planting wildflowers, rewilding, using peat-free compost), Adopted a more climate-friendly diet (e.g. reduced meat consumption, buying local, buying food in season), Reduced my travel, Used lower carbon ways of travelling (e.g. walking, cycling, public transport), Invested in an electric/hybrid car, Reduced my energy use, Installed insulation, Composted or recycled waste, Reduced flood risk by replacing solid surfaces with permeable surfaces, Reduced water use (e.g. install water butts, shorter showers), Talked to friends and family about climate change or actions I've taken | F44: I don't have the time | G44: None of the above | H44: Cycle path along main road from church lane to hockley | I44: Greener Twyford Campaign GTC | K44: 55-64
A45: 46151.37 | B45: Household | C45: 3 | D45: The impact on my children and grandchildren, Loss of biodiversity, Floods and storms, Water shortages, Higher bills (higher prices of food, water, energy, etc.), Economic/political instability, Impacts of climate change on poorer communities elsewhere in the world | E45: Nature friendly gardening (e.g. planting wildflowers, rewilding, using peat-free compost), Reduced my travel, Installed insulation, Installed a greener heating system, Hired or borrowed items instead of buying, Reused or repaired items, Composted or recycled waste | F45: I don't know what I can do, I don't have the time | G45: Information about what I can do (including talks/demonstrations), Practical tasks or projects | K45: 45-54
A46: 46151.389 | B46: Household | C46: 4 | D46: The impact on my children and grandchildren, Loss of biodiversity, Floods and storms, Water shortages, Extreme heat/wildfires, Higher bills (higher prices of food, water, energy, etc.), Economic/political instability, Impacts of climate change on poorer communities elsewhere in the world, Climate migration | E46: Nature friendly gardening (e.g. planting wildflowers, rewilding, using peat-free compost), Adopted a more climate-friendly diet (e.g. reduced meat consumption, buying local, buying food in season), Reduced my travel, Used lower carbon ways of travelling (e.g. walking, cycling, public transport), Reduced my energy use, Reused or repaired items, Composted or recycled waste, Reduced water use (e.g. install water butts, shorter showers), Reduced heat risk (e.g. additional planting, shading around my property), Joined a climate or environmental group, Support/donate to campaigns, organisations pro nature, fighting class mate change | F46: I feel stuck, It’s hard in face of international conflict, Trump’s scorn for climate activism and the difficulties letting go of fossil fuels around the world to feel our village can make a difference. | G46: Information about what I can do (including talks/demonstrations), Joining others with similar interests so we can create action together, Practical tasks or projects | H46: Create an actionable plan, maybe link with other effective or local groups, there are already some good initiatives going on. Bring in experts to share knowledge and ideas. | I46: Not at moment, sorry | K46: Over 65
A47: 46151.393 | B47: Individual | C47: 2 | D47: Floods and storms, Water shortages, Impacts of climate change on poorer communities elsewhere in the world | E47: Adopted a more climate-friendly diet (e.g. reduced meat consumption, buying local, buying food in season), Reduced my energy use, Hired or borrowed items instead of buying, Reused or repaired items, Composted or recycled waste | F47: I don't have the money, I don't have the time | G47: None of the above | K47: 55-64
A48: 46151.396 | B48: Individual | C48: 5 | D48: The impact on my children and grandchildren, Loss of biodiversity, Floods and storms, Water shortages, Extreme heat/wildfires, Higher bills (higher prices of food, water, energy, etc.), Economic/political instability, Impacts of climate change on poorer communities elsewhere in the world, Climate migration | E48: Nature friendly gardening (e.g. planting wildflowers, rewilding, using peat-free compost), Adopted a more climate-friendly diet (e.g. reduced meat consumption, buying local, buying food in season), Reduced my travel, Used lower carbon ways of travelling (e.g. walking, cycling, public transport), Invested in an electric/hybrid car, Installed insulation, Hired or borrowed items instead of buying, Reused or repaired items, Composted or recycled waste, Reduced flood risk by replacing solid surfaces with permeable surfaces, Moved my money to sustainable banks or invested in sustainable funds, Talked to friends and family about climate change or actions I've taken | F48: I don't have the money, I feel stuck | G48: Joining others with similar interests so we can create action together, Practical tasks or projects, Setting up locally run projects or campaigns | H48: Lobbying for the b3335 to be 20mph, and action to protect the local rare chalk stream habit | K48: 35-44
A49: 46151.487 | B49: Individual | C49: 4 | D49: The impact on my children and grandchildren, Loss of biodiversity, Floods and storms, Impacts of climate change on poorer communities elsewhere in the world | E49: Nature friendly gardening (e.g. planting wildflowers, rewilding, using peat-free compost), Adopted a more climate-friendly diet (e.g. reduced meat consumption, buying local, buying food in season), Installed insulation, Installed a greener heating system, Reused or repaired items, Composted or recycled waste, Joined a climate or environmental group | F49: I don't know what I can do, I don't believe I can have an impact, I believe it's up to those in power to lead | G49: Information about what I can do (including talks/demonstrations), Joining others with similar interests so we can create action together, Setting up locally run projects or campaigns | H49: Spread awareness and ideas for reduce our climate impact as individuals and households. Providing options that we can take | K49: 16-24
A50: 46154.465 | B50: Individual | C50: 5 | D50: The impact on my children and grandchildren, Loss of biodiversity, Impacts of climate change on poorer communities elsewhere in the world | E50: Nature friendly gardening (e.g. planting wildflowers, rewilding, using peat-free compost), Reduced water use (e.g. install water butts, shorter showers) | F50: I feel stuck | G50: Practical tasks or projects | K50: 45-54
A51: 46158.88 | B51: Individual | C51: 4 | D51: The impact on my children and grandchildren, Loss of biodiversity, Floods and storms, Water shortages, Extreme heat/wildfires, Higher bills (higher prices of food, water, energy, etc.), Impacts of climate change on poorer communities elsewhere in the world, Climate migration | E51: Nature friendly gardening (e.g. planting wildflowers, rewilding, using peat-free compost), Invested in an electric/hybrid car, Composted or recycled waste, Reduced water use (e.g. install water butts, shorter showers), Talked to friends and family about climate change or actions I've taken | F51: I feel stuck | G51: Information about what I can do (including talks/demonstrations), Joining others with similar interests so we can create action together, Practical tasks or projects, Setting up locally run projects or campaigns, Attending protests | H51: Share knowledge and ideas | K51: 55-64
A52: 46159.369 | B52: Household | C52: 5 | D52: The impact on my children and grandchildren, Loss of biodiversity, Floods and storms, Water shortages, Extreme heat/wildfires, Higher bills (higher prices of food, water, energy, etc.), Economic/political instability, Impacts of climate change on poorer communities elsewhere in the world, Climate migration | E52: Nature friendly gardening (e.g. planting wildflowers, rewilding, using peat-free compost), Used lower carbon ways of travelling (e.g. walking, cycling, public transport), Invested in an electric/hybrid car, Reduced my energy use, Installed insulation, Installed a greener heating system, Hired or borrowed items instead of buying, Reused or repaired items, Composted or recycled waste, Reduced water use (e.g. install water butts, shorter showers), Reduced heat risk (e.g. additional planting, shading around my property) | F52: I don't know what I can do, I've done as much as I can | G52: Information about what I can do (including talks/demonstrations), Practical tasks or projects | K52: Over 65
A53: 46159.797 | B53: Individual | C53: 5 | D53: Loss of biodiversity, Floods and storms, Water shortages, Extreme heat/wildfires, Higher bills (higher prices of food, water, energy, etc.), Economic/political instability, Impacts of climate change on poorer communities elsewhere in the world, Climate migration | E53: Nature friendly gardening (e.g. planting wildflowers, rewilding, using peat-free compost), Adopted a more climate-friendly diet (e.g. reduced meat consumption, buying local, buying food in season), Reduced my travel, Invested in an electric/hybrid car, Reduced my energy use, Installed insulation, Hired or borrowed items instead of buying, Reused or repaired items, Composted or recycled waste, Reduced flood risk by replacing solid surfaces with permeable surfaces, Reduced water use (e.g. install water butts, shorter showers), Reduced heat risk (e.g. additional planting, shading around my property), Moved my money to sustainable banks or invested in sustainable funds, Taken political action (e.g. written to MP, taken part in campaigns or protests), Joined a climate or environmental group, Talked to friends and family about climate change or actions I've taken | F53: I don't have the money, I don't have the time, The construction of my house means I can’t use an alternative heating system | G53: Information about what I can do (including talks/demonstrations), Joining others with similar interests so we can create action together, Opportunities to talk about my feelings about climate change, Practical tasks or projects, Attending protests | H53: Encourage recycling, invest in greener energy and help the community understand what they can do collectively and as an individual | I53: The Green Guardians of Twyford or Twyford Nature Collective, | J53: It has come to my attention that many people are starting to think climate change is a scam. I think it is important to help educate these people and how climate change is causing difficulties on our doorstep. | K53: 55-64
A54: 46181.622 | B54: Household | C54: 5 | D54: The impact on my children and grandchildren, Loss of biodiversity, Floods and storms, Water shortages, Extreme heat/wildfires, Impacts of climate change on poorer communities elsewhere in the world | E54: Adopted a more climate-friendly diet (e.g. reduced meat consumption, buying local, buying food in season), Invested in an electric/hybrid car, Hired or borrowed items instead of buying, Reused or repaired items, Composted or recycled waste | F54: I don't have the time | G54: Information about what I can do (including talks/demonstrations), Joining others with similar interests so we can create action together, Practical tasks or projects | K54: 25-34
A55: 46181.663 | B55: Individual | C55: 4 | D55: The impact on my children and grandchildren, Floods and storms, Water shortages, Higher bills (higher prices of food, water, energy, etc.) | E55: Adopted a more climate-friendly diet (e.g. reduced meat consumption, buying local, buying food in season), Reduced my travel, Reused or repaired items, Reduced water use (e.g. install water butts, shorter showers) | F55: I don't know what I can do | G55: Information about what I can do (including talks/demonstrations) | H55: Reduce large vehicles using our village as a short cut to M3 | K55: Over 65
A56: 46181.703 | B56: Household | C56: 3 | D56: Floods and storms, Extreme heat/wildfires, Economic/political instability | E56: Adopted a more climate-friendly diet (e.g. reduced meat consumption, buying local, buying food in season), Reduced my travel, Used lower carbon ways of travelling (e.g. walking, cycling, public transport), Reduced my energy use, Installed insulation, Hired or borrowed items instead of buying, Reused or repaired items, Reduced water use (e.g. install water butts, shorter showers) | F56: I don't believe I can have an impact, I've done as much as I can | G56: Practical tasks or projects, Setting up locally run projects or campaigns | H56: Community energy projects | K56: 55-64
A57: 46181.71 | B57: Household | C57: 5 | D57: The impact on my children and grandchildren, Economic/political instability | E57: Nature friendly gardening (e.g. planting wildflowers, rewilding, using peat-free compost), Adopted a more climate-friendly diet (e.g. reduced meat consumption, buying local, buying food in season), Used lower carbon ways of travelling (e.g. walking, cycling, public transport), Invested in an electric/hybrid car, Reduced my energy use, Installed insulation, Hired or borrowed items instead of buying, Reused or repaired items, Composted or recycled waste, Reduced water use (e.g. install water butts, shorter showers), Moved my money to sustainable banks or invested in sustainable funds | F57: I don't believe I can have an impact | G57: Information about what I can do (including talks/demonstrations), Joining others with similar interests so we can create action together, Opportunities to talk about my feelings about climate change, Practical tasks or projects | H57: Reduce, Reuse, Recycle | K57: Over 65
A58: 46181.729 | B58: Individual | C58: 4 | D58: The impact on my children and grandchildren, Loss of biodiversity, Floods and storms, Water shortages, Extreme heat/wildfires, Higher bills (higher prices of food, water, energy, etc.) | E58: Nature friendly gardening (e.g. planting wildflowers, rewilding, using peat-free compost), Reduced my travel, Installed insulation, Composted or recycled waste, Reduced flood risk by replacing solid surfaces with permeable surfaces, Talked to friends and family about climate change or actions I've taken | F58: I don't have the money | G58: Practical tasks or projects, Setting up locally run projects or campaigns | H58: Reduce traffic | K58: 45-54
A59: 46181.737 | B59: Individual | C59: 0 | D59: Water shortages | E59: Composted or recycled waste | F59: I don't have the time | G59: None of the above | K59: Over 65
A60: 46181.86 | B60: Individual | C60: 4 | D60: Loss of biodiversity, Water shortages, Extreme heat/wildfires, Higher bills (higher prices of food, water, energy, etc.), Economic/political instability | E60: Reused or repaired items, Composted or recycled waste | F60: I believe it's up to those in power to lead | G60: Information about what I can do (including talks/demonstrations) | K60: 35-44
A61: 46181.965 | B61: Household | C61: 5 | D61: The impact on my children and grandchildren, Loss of biodiversity, Floods and storms, Higher bills (higher prices of food, water, energy, etc.), Economic/political instability | E61: Nature friendly gardening (e.g. planting wildflowers, rewilding, using peat-free compost), Adopted a more climate-friendly diet (e.g. reduced meat consumption, buying local, buying food in season), Reduced my travel, Used lower carbon ways of travelling (e.g. walking, cycling, public transport), Reduced my energy use, Installed insulation, Hired or borrowed items instead of buying, Reused or repaired items, Composted or recycled waste, Reduced flood risk by replacing solid surfaces with permeable surfaces, Reduced water use (e.g. install water butts, shorter showers), Reduced heat risk (e.g. additional planting, shading around my property), Taken political action (e.g. written to MP, taken part in campaigns or protests), Joined a climate or environmental group, Talked to friends and family about climate change or actions I've taken, Started a cycling business to bring more sustainable transport solutions to our community and beyond | F61: I don't have the money, I don't have the time, Those in power lack the true ambition to deliver meaningful and impactful climate change. Policies and schemes that suit politic points scoring but fail to address the real problems with joined up and practical solutions | G61: Information about what I can do (including talks/demonstrations), Joining others with similar interests so we can create action together, Sharing my skills and knowledge with others, Setting up locally run projects or campaigns | H61: Reduce car usage, promote healthy lifestyles for all, especially the young. Deliver infrastructure and financial support to make greener alternatives a viable option for more people. | I61: Twyford Wants it Greener (TWIG) | J61: Engagement from young people is essential. The future belongs to them but they’re under represented and therefore potentially under valued in our community. Engagement with all local organisations and bringing them together would be a great start. | K61: 45-54
A62: 46182.349 | B62: Individual | C62: 5 | D62: The impact on my children and grandchildren, Loss of biodiversity, Water shortages, Extreme heat/wildfires, Impacts of climate change on poorer communities elsewhere in the world | E62: Adopted a more climate-friendly diet (e.g. reduced meat consumption, buying local, buying food in season), Reduced my travel, Invested in an electric/hybrid car, Reduced my energy use, Installed insulation, Hired or borrowed items instead of buying, Composted or recycled waste, Taken political action (e.g. written to MP, taken part in campaigns or protests), Joined a climate or environmental group, Talked to friends and family about climate change or actions I've taken | F62: I've done as much as I can | G62: Joining others with similar interests so we can create action together, Practical tasks or projects, Setting up locally run projects or campaigns, Attending protests | K62: 45-54
A63: 46182.585 | B63: Household | C63: 5 | D63: The impact on my children and grandchildren, Loss of biodiversity, Floods and storms, Water shortages, Extreme heat/wildfires, Higher bills (higher prices of food, water, energy, etc.), Economic/political instability, Impacts of climate change on poorer communities elsewhere in the world, Climate migration | E63: Nature friendly gardening (e.g. planting wildflowers, rewilding, using peat-free compost), Used lower carbon ways of travelling (e.g. walking, cycling, public transport), Installed insulation, Reused or repaired items, Composted or recycled waste, Talked to friends and family about climate change or actions I've taken | F63: I believe it's up to those in power to lead | G63: Information about what I can do (including talks/demonstrations), Practical tasks or projects | H63: Inform our colleagues, friends, family | I63: Twyford Be The Change | K63: 45-54
A64: 46184.691 | B64: Individual | C64: 5 | D64: The impact on my children and grandchildren, Loss of biodiversity, Floods and storms, Water shortages, Extreme heat/wildfires, Higher bills (higher prices of food, water, energy, etc.), Economic/political instability, Impacts of climate change on poorer communities elsewhere in the world | E64: Nature friendly gardening (e.g. planting wildflowers, rewilding, using peat-free compost), Adopted a more climate-friendly diet (e.g. reduced meat consumption, buying local, buying food in season), Composted or recycled waste, Reduced water use (e.g. install water butts, shorter showers), Joined a climate or environmental group, Talked to friends and family about climate change or actions I've taken | F64: I don't know what I can do | G64: Information about what I can do (including talks/demonstrations), Joining others with similar interests so we can create action together, Practical tasks or projects | H64: Have. climate change in mind when making decisions. | K64: 55-64
A65: 46185.783 | B65: Household | C65: 5 | D65: The impact on my children and grandchildren, Loss of biodiversity, Floods and storms, Water shortages, Extreme heat/wildfires, Higher bills (higher prices of food, water, energy, etc.), Economic/political instability, Impacts of climate change on poorer communities elsewhere in the world, Climate migration | E65: Nature friendly gardening (e.g. planting wildflowers, rewilding, using peat-free compost), Adopted a more climate-friendly diet (e.g. reduced meat consumption, buying local, buying food in season), Installed insulation, Installed a greener heating system, Composted or recycled waste, Reduced water use (e.g. install water butts, shorter showers), Moved my money to sustainable banks or invested in sustainable funds | F65: I've done as much as I can | G65: Information about what I can do (including talks/demonstrations), Joining others with similar interests so we can create action together, Practical tasks or projects | H65: Recycle, recycle, recycle. | I65: Environmental Future Proofing Warriors | K65: Over 65
A66: 46185.788 | B66: Individual | C66: 4 | D66: Loss of biodiversity, Floods and storms, Water shortages, Extreme heat/wildfires, Impacts of climate change on poorer communities elsewhere in the world, Climate migration | E66: Nature friendly gardening (e.g. planting wildflowers, rewilding, using peat-free compost), Adopted a more climate-friendly diet (e.g. reduced meat consumption, buying local, buying food in season), Reduced my travel, Used lower carbon ways of travelling (e.g. walking, cycling, public transport), Reduced my energy use, Installed insulation, Hired or borrowed items instead of buying, Reused or repaired items, Composted or recycled waste, Reduced water use (e.g. install water butts, shorter showers), Reduced heat risk (e.g. additional planting, shading around my property), Moved my money to sustainable banks or invested in sustainable funds, Talked to friends and family about climate change or actions I've taken | F66: I don't have the time | G66: Practical tasks or projects | H66: Work together to build wildlife corridors. Practical measures that can be seen rather than wasting breath on trying to influence those who won’t listen or generates hostility. | K66: 45-54
A67: 46185.879 | B67: Individual | C67: 5 | D67: The impact on my children and grandchildren, Loss of biodiversity, Floods and storms, Water shortages, Extreme heat/wildfires, Economic/political instability, Impacts of climate change on poorer communities elsewhere in the world | E67: Nature friendly gardening (e.g. planting wildflowers, rewilding, using peat-free compost), Adopted a more climate-friendly diet (e.g. reduced meat consumption, buying local, buying food in season), Reduced my travel, Invested in an electric/hybrid car, Reduced my energy use, Hired or borrowed items instead of buying, Reused or repaired items, Reduced water use (e.g. install water butts, shorter showers), Taken political action (e.g. written to MP, taken part in campaigns or protests), Joined a climate or environmental group | F67: Be creative and encourage | G67: Information about what I can do (including talks/demonstrations), Opportunities to talk about my feelings about climate change, Sharing my skills and knowledge with others, Setting up locally run projects or campaigns, Attending protests | H67: Numerous things | K67: 55-64
A68: 46186.379 | B68: Household | C68: 5 | D68: The impact on my children and grandchildren, Loss of biodiversity, Floods and storms, Water shortages, Extreme heat/wildfires, Higher bills (higher prices of food, water, energy, etc.), Impacts of climate change on poorer communities elsewhere in the world | E68: Nature friendly gardening (e.g. planting wildflowers, rewilding, using peat-free compost), Adopted a more climate-friendly diet (e.g. reduced meat consumption, buying local, buying food in season), Used lower carbon ways of travelling (e.g. walking, cycling, public transport), Reused or repaired items, Composted or recycled waste, Reduced water use (e.g. install water butts, shorter showers) | F68: I don't know what I can do, I don't have the time | G68: Information about what I can do (including talks/demonstrations) | H68: Better bus routes to Winchester for those who live on the outskirts of the village which would reduce the car journeys | K68: 55-64
A69: 46187.71 | B69: Individual | C69: 5 | D69: Economic/political instability | E69: Reduced my travel, Used lower carbon ways of travelling (e.g. walking, cycling, public transport), Reduced my energy use, Installed insulation, Reused or repaired items | F69: Planning restrictions on solar | G69: None of the above | H69: Allowing solar panels on roofs in conservation areas | I69: Twyford Conservation Community - TCC | J69: No | K69: 55-64

Sheet Paper Form Responses 1
A1: Individual | B1: 4 | C1: The impact on my children and grandchildren, Floods and storms, Water shortages | D1: Nature friendly gardening, Adopted a more climate-friendly diet, Reduced my travel, Reused or repaired items, Composted or recycled waste, Reduced water use, Talked to friends and family about climate change or actions I've taken | E1: I believe it's up to those in power to lead, I've done as much as I can | F1: None of the above | J1: Over 65
A2: Household | B2: 5 | C2: The impact on my children and grandchildren, Floods and storms, Water shortages | D2: Nature friendly gardening, Reduced my energy use, Installed insulation, Installed a greener heating system, Composted or recycled waste, Reduced water use, Reduced heat risk | E2: I don't believe I can have an impact, I believe it's up to those in power to lead, Energy & does it work | F2: None of the above | G2: ? | J2: Over 65
A3: Household | B3: 4 | C3: The impact on my children and grandchildren, Floods and storms, Water shortages, Economic/political instability, Impacts of climate change on poorer communities elsewhere in the world | D3: Nature friendly gardening, adopted a more climate-friendly diet, Reduced my travel, Reduced my energy use, Installed insulation, Hired or borrowed items instead of buying, Reused or repaired items, Composted or recycled waste, Reduced water use, Talked to my friends and family about climate change or actions I've taken | E3: I don't have the time, I believe it's up to those in power to lead | F3: Information about what I can do (including talks/demonstrations), Attending protests | J3: Over 65
A4: Individual | B4: 4 | C4: The impact on my children and grandchildren, Loss of biodiversity, Floods and storms, Water shortages, Extreme heat/wildfires, Higher bills, Economic/political instability, Impacts of climate change on poorer communities elsewhere in the world, Climate migration | D4: Nature friendly gardening, Reduced my travel, Reused or repaired items, Composted or recycled waste, Reduced water use, Moved my money to sustainable banks or invested in sustainable funds, Talked to friends and family about climate change | E4: I believe it's up to those in power to lead | F4: Information about what I can do, Practical tasks or projects, Sharing my skills and knowledge with others | G4: We have two schools in the village where many children are driven to The worst offender is Twyford Prep. The sight of dozens of 4x4 vehicles is nausiating. The PC could ask the school if they have a green initiative to reduce vehicle numbers. Do they have a plan to introduce solar panels, such a policy should be on their web site. The primary school does have green initiatives, could they be helped more re transport? | J4: Over 65
A5: Individual | B5: 5 | C5: The impact on my children and grandchildren, Loss of biodiversity, Floods and storms, Water shortages, Extreme heat/wildfires | D5: Nature friendly gardening, Adopted a more climate-friendly diet, Reduced my travel, Reduced my energy use, Installed insulation, Reused or repaired items, Composted or recycled waste, Reduced water use, Reduced heat risk, Taken political action, Joined a climate or environmental group, Talked to friends and family about climate change or the actions I've taken | E5: I feel stuck | F5: Information about what I can do, Joining others with similar interest so we can create action together, Opportunities to talk about my feelings about climate change, Practical tasks or projects, Attending protests | G5: Reuse plastic bottles & refill at village shop Use the bus for travel into Winchester or Southampton. (& Eastleigh???) Educate our schoolchildren on environmental issues alongside clubs and uniformed organizations | H5: Twyford Action Group (TAG) | I5: Am a member of Winchester Action on Climate Crisis. They have really good ideas and are very active. Could approach them for advice & look at their website for ideas. Action on Carbon in Twyford produced a leaflet on what we can do to reduce Twyfords household carbon footprint. See att. copy. [PAPER COPY PROVIDED] Local villages have been advertising days when everyone has a clear out of good items no longer needed - put out in front of house and have a "Free For All" day | J5: Over 65
A6: Individual | B6: 5 | C6: The impact on my children and grandchildren, Loss of biodiversity, Floods and storms, Water shortages, Extreme heat/wildfires, Higher bills | D6: Nature friendly gardening, Used lower carbon ways of travelling, Installed insulation, Hired or borrowed items instead of buying, Reused or repaired items, Composted or recycled waste | E6: I don't have the money | F6: Practical tasks or projects | J6: 55-64
A7: Household | B7: 5 | C7: The impact on my children and grandchildren, Loss of biodiversity, Floods and storms, Water shortages, Extreme heat/wildfires, Higher bills, Economic/political instability, Impacts of climate change on poorer communities elsewhere in the world, Climate migration | D7: Nature friendly gardening, Adopted a more climate-friendly diet, Reduced my travel, Used lower carbon ways of travelling, Reduced my energy use, Installed insulation, Reused or repaired items, Composted or recycled waste, Reduced water use, Taken political action, Joined a climate or environmental group, Talked to friends and family about climate change | E7: I don't know what I can do | F7: Practical tasks or projects | G7: As an affluent area I could imagine reducing food waste might have the biggest impact | H7: The Future of Twyford | J7: 45-54
A8: Individual | B8: 4 | C8: The impact on my children and grandchildren, Loss of biodiversity, Floods and storms, Water shortages, Extreme heat/wildfires, Economic/political instability, Impacts of climate change on poorer communities elsewhere in the world, Climate migration | D8: Nature friendly gardening, Adopted a more climate-friendly diet, Reduced my travel, Used lower carbon ways of travelling, Reduced my energy use, Installed insulation, Reused or repaired items, Composted or recycled waste, Reduced water use, Reduced heat risk, Taken political action, Joined a climate or environmental group, Talked to friends and family about climate change or actions I've taken, Other: WE GAVE UP FLYING 23 YEARS AGO | E8: Other: WE'RE STILL TRYING. HELPED START A COMMUNITY FARM | F8: Other: ALREADY INVOLVED WITH LOW CARBON, LOCAL FARMING | G8: Create a group to grow local fruit & veg. Rent or buy a piece of land and grow sustainable, seasonal local food. | H8: Twyford Community Farm | J8: Over 65
A9: Household | B9: 5 | C9: The impact on my children and grandchildren, Loss of biodiversity, Floods and storms, Water shortages, Extreme heat/wildfires, Higher bills, Economic/political instability, Impacts of climate change on poorer communities elsewhere in the world, Climate migration | D9: Nature friendly gardening, Adopted a more climate-friendly diet, Reduced my travel, Reduced my energy use, Installed insulation, Hired or borrowed items instead of buying, Reused or repaired items, Composted or recycled waste, Reduced water use, Taken political action, Talked to friends and family | E9: Other: I DON'T KNOW WHAT ELSE I CAN DO | F9: Information about what I can do, Practical tasks or projects, Sharing my skills and knowledge with others | J9: Over 65
A10: Individual | B10: 3 | C10: Loss of biodiversity, Extreme heat/wildfires | D10: Nature friendly gardening, Reduced my energy use, Installed insulation, Reused or repaired items, Composted or recycled waste, Reduced water use, Reduced heat risk | E10: I don't have the time | F10: None of the above | J10: Prefer not to answer
A11: Individual | B11: 5 | C11: The impact on my children and grandchildren, Loss of biodiversity, Floods and storms, Higher bills, Economic/political instability, Impacts of climate change on poorer communities elsewhere in the world, Climate migration | D11: Nature friendly gardening, Invested in an electric/hybrid car, Reduced my energy use, Installed insulation, Hired or borrowed items instead of buying, Reused or repaired items, Composted or recycled waste, Reduced water use, Taken political action | E11: Other: I DON'T KNOW WHAT ELSE I CAN DO | F11: Information about what I can do, Attending protests | J11: Prefer not to answer
A12: Individual | B12: 5 | C12: The impact on my children and grandchildren, Loss of biodiversity, Economic/political instability, Impacts of climate change on poorer communities elsewhere in the world | D12: Nature friendly gardening, Reduced my travel, Reduced my energy use, Reused or repaired items, Composted or recycled waste, Reduced water use | E12: I believe it's up to those in power to lead | F12: None of the above | J12: Over 65
A13: Household | B13: 5 | C13: The impact on my children and grandchildren, Loss of biodiversity, Floods and storms, Water shortages, Extreme heat/wildfires, Higher bills, Economic/political instability, Impacts of climate change on poorer communities elsewhere in the world, Climate migration | D13: Adopted a more climate-friendly diet, Reused or repaired items, Composted or recycled waste, Reduced water use, Joined a climate or environmental group, Talked to friends and family about climate change, Other: WOEFULLY LITTLE! MUCH SCOPE TO IMPROVE, CLEARLY. | E13: Other: LACK OF SUPPORT FROM THE FAMILY! | F13: Information about what I can do, Joining others with similar interest so we can create action together, Sharing my skills and knowledge with others | G13: More recycling facilities. Community veg. allotment. Regular repair cafe/event Clothes swaps/mending Skills swaps | J13: 55-64
A14: Individual | B14: 4 | C14: The impact on my children and grandchildren, Loss of biodiversity, Floods and storms, Extreme heat/wildfires, Economic/political instability | D14: Nature friendly gardening, Adopted a more climate-friendly diet, Used lower carbon ways of travelling, Composted or recycled waste, Reduced water use | E14: N/A | F14: N/A | J14: Over 65
A15: Household | B15: 4 | C15: The impact on my children and grandchildren, Loss of biodiversity, Extreme heat/wildfires, Higher bills, Economic/political instability | D15: Nature friendly gardening, Adopted a more climate-friendly diet, Invested in an electric/hybrid car, Hired or borrowed items instead of buying, Reused or repaired items, Composted or recycled waste, Reduced water use | E15: I don't have the money, I don't have the time | F15: Information about what I can do, Practical tasks or projects | G15: Advocate for better bus transport and bike paths. Plant more fruit trees, vegetables for community. | H15: Action green | J15: 35-44
A16: Individual | B16: 5 | C16: Loss of biodiversity, Floods and storms, Water shortages, Extreme heat/wildfires, Higher bills, Economic/political instability, Impacts of climate change on poorer communities elsewhere in the world, Climate migration | D16: N/A | E16: N/A | F16: N/A | G16: Improve ease for cycling, particularly into Winchester. Good recycling facilities. Give advice to people about what they can in their own houses + gardens. Repair cafe. Discourate large lorries. Provide information about food miles. | J16: Over 65
A17: Household | B17: 4 | C17: The impact on my children and grandchildren, Loss of biodiversity, Floods and storms, Impacts of climate change on poorer communities elsewhere in the world | D17: Nature friendly gardening, Adopted a more climate friendly diet, Reduced my travel, Used lower carbon ways of travelling, Reduced my energy use, Installed insulation, Composted or recycled waste, Reduced water use | E17: Other: I DO WHAT I CAN BUT MORE NEEDS TO BE DONE BY COMPANIES I.E. LESS PLASTIC CONTAINERS | F17: Attending protests | G17: Use available land to plant native trees/plants to encourage wildlife locally. | J17: 55-64
A18: Household | B18: 3 | C18: The impact on my children and grandchildren, Loss of biodiversity, Floods and storms, Water shortages, Extreme heat/wildfires, Higher bills, Impacts of climate change on poorer communities elsewhere in the world | D18: Nature friendly gardening, Reduced my energy use, Installed insulation, Composted or recycled waste, Reduced water use | E18: I don't have the money, I don't believe I can have an impact | F18: Information about what I can do, Practical tasks or projects | G18: Village solar panel scheme (bulk order for those that need them) | J18: 15 or younger, 35-44
A19: Household | B19: 4 | C19: The impact on my childrenn and grandchildren, Loss of biodiversity, Floods and storms, Water shortages, Extreme heat/wildfires, Higher bills, Economic/political instability, Impacts of climate change on poorer communities elsewhere in the world, Climate migration | D19: Nature friendly gardening, Adopted a more climate-friendly diet, Reduced my travel, Used lower carbon ways of travelling, Installed insulation, Reused or repaired items, Composted or recycled waste, Reduced flood risk by replacing solid surfaces with permeable surfaces, Reduced water use | E19: I believe it's up to those in power to lead, I've done as much as I can | F19: Information about what I can do (including talks/demonstrations) | G19: Educate | J19: Over 65
A20: Individual | B20: 4 | C20: Loss of biodiversity, Floods and storms, Extreme heat/wildfires | D20: Reduced my travel, Reduced my energy use, Composted or recycled waste, Joined a climate or environmental group | E20: I don't have the money, I don't have the time | F20: Information about what I can do | I20: Think the world needs to go green in ways that ordinary people can afford. Also important to green normal activities like going on holiday rather than expect massive behavioural change. Thanks for asking. David | J20: Prefer not to answer
A21: Individual | B21: 3 | C21: Loss of biodiversity, Floods and storms, Water shortages, Higher bills, Economic/political instability, Climate migration | D21: Reduced my travel, Used lower carbon ways of travelling, Invested in an electric/hybrid car, Composted or recycled waste | E21: I don't know what I can do, I don't have the time, I feel stuck | F21: Information about what I can do, Joining others with similar interests so we can create action together, Sharing my skills and knowledge with others | G21: Talk about small achievable changes which are to do w/daily routine. Include ppl from all walks of life + how small groups can come together. I.e. A communal compost? | H21: Twyford Environmental Association? Twyford Environmental Action? | I21: DATA COMMENT: on question two respondent answered 3.5. This answer could not be represented, so has been rounded down to 3 | J21: Prefer not to answer
A22: Household | B22: 5 | C22: The impact on my children and grandchildren, Loss of biodiversity, Floods and storms, Water shortages, Extreme heat/wildfires, Higher bills, Economic/political instability, Impacts of climate change on poorer communities elsewhere in the world, Other: PEOPLE NOT MAKING ANY EFFORT TO REDUCE FLYING, WORLD-TRAVEL USE OF VEHICLES. NOT KEEPING GRASS GARDENS, NOT PERMITTING DRAINAGE. CONCRETE OVER EVERYTHING. | D22: Nature friendly gardening, adopted a more climat-friendly diet, Reduced my travel, used lower carbon ways of travelling, Installed insulation, Reused or repaired items, Composted or recycled waste, Reduced flood risk by replacing solid surfaces with permeable surfaces, Reduced water use, Reduced heat risk, Taken political action, Talked to family and friends about climate change or actions I've taken | E22: I don't have the money, I don't have the time, Other: HEALTH PROBLEMS - WALKING, BLOOD PRESSURE, NEEDING TO HAVE ACCESS TO WC. | F22: Opportunities to talk about my feeligns about climate change, Sharing my skills and knowledge with others, Setting up locally run projects or campaigns, Other: LOOKING AFTER THE ENVIRONMENT. ATTENDING MEETINGS ENCOURAGING EDUCATION | G22: Think carefully about what you do, recycle repair, help other people. Plant pollen encourage bees. | J22: Over 65
A23: Household | B23: 3 | C23: Higher bills | D23: Nature friendly gardening, Adopted a more climate-friendly diet, Reused or repaired items, Reduced water use | E23: I've done as much as I can | F23: None of the above | J23: 35-44
A24: Individual | B24: 4 | C24: The impact on my children and grandchildren, Floods and storms, Water shortages, Extreme heat/wildfires, Impacts of climate change on poorer communities elsewhere in the world | D24: Adopted a more climate-friendly diet, used lower carbon ways of travelling, Reduced my energy use, Reused or repaired items, Reduced water use | E24: I've done as much as I can | F24: None of the above | G24: Use public transport | J24: Over 65
A25: Individual | B25: 3 | C25: The impact on my children and grandchildren, Water shortages, Economic/political instability | D25: Nature friendly gardening, Reused or repaired items, Composted or recycled waste, Reduced water use, Talked to friends and family about climate change or actions I've taken, Other: | E25: I've done as much as I can | F25: Joining others with similar interests so we can create action together, Setting up locally run projects or campaigns | G25: Better parking near the shop. | I25: DATA COMMENT: respondent answered question three with concern over loss of biodiversity and economic/political instability, but emphasised that these concerns were to a lesser degree than the 3 primary concerns | J25: Over 65
A26: Household | B26: 3 | C26: Floods and storms, Water shortages, Extreme heat/wildfires | D26: Nature friendly gardening, Adopted a more climate-friendly diet, Reduced my travel, used lower carbon ways of travelling, Reused or repaired items, Composted or recycled waste, Reduced water use | E26: I believe it's up to those in power to lead, Other: WE DO AS MUCH AS WE CAN | F26: None of the above, Other: WE JUST DO OUR BIT | G26: - slow traffic - cut out unecessary travel & printing (ie canvassing!!) - improve bus service - improve/provide direct milk route [DATA COMMENT: best interpretation of letters] | J26: Over 65
A27: Household | B27: 5 | C27: The impact on my children and grandchildren, Loss of biodiversity, Floods and storms, Water shortages, Extreme heat/wildfires, Higher bills, Impacts of climate change on poorer communities elsewhere in the world, climate migration | D27: Nature friendly gardening, Adopted a more climate-friendly diet, Reduced my energy use, Reused or repaired items, Composted or recycled waste, Reduced water use, Joined a climate or environmental group, Talked to friends and family about climate change or actions I've taken | E27: I don't have the money, I don't have the time, I believe it's up to those in power to lead, I've done as much as I can | F27: None of the above | G27: Reduce traffic [UNCLEAR] village introduce 20mph speed limit [UNCLEAR] village Encourage biodiversity. Water re-use. Tree planting. | H27: Twyford Future Climate Group (TFCG) | J27: Over 65
A28: Individual | B28: 4 | C28: The impact on my children and grandchildren, Loss of biodiversity, Floods and storms, Water shortages, Extreme heat/wildfires, Impacts of climate change on poorer communities elsewhere in the world, Climate migration | D28: Nature friendly gardening, Adopted a more climate-friendly diet, Reduced my travel, used lower carbon ways of travelling, Reduced my energy use, Installed insulation, Reused or repaired items, Composted or recycled waste, Reduced water use, Talked to friends and family about climate change or actions I've taken | E28: I don't have the money, I don't havce the time | F28: Information about what I can do, Joining others with similar interests so we can create action together, Opportunities to talk about my feelings about climate change, Practical tasks or projects | G28: Pushing the council for better public transport Continue pressing for a 20mph speed limit. Car ownership. Families have 2 or 3 cars in the village, usually SUVs which are completely unnecessary - they are not transporting sheep etc. Just status symbols - How does one stop it though! | I28: Q4 - I despair when I listen to folk in the village, who drive enormous cars, talking about their next holiday in the Bahamas! Or going on a cruise. I have no idea what to say to them without being confrontational. Do they know there is an environmental emergency. They don't seem to want to confront the situation. | J28: Over 65

Sheet Responses Table
A1: Format | B1: =IFERROR(__xludf.dummyfunction("QUERY('Online Form Responses 1'!A:Z, ""SELECT * WHERE A IS NOT NULL"")"),"Timestamp") -> Timestamp | C1: =IFERROR(__xludf.dummyfunction("""COMPUTED_VALUE"""),"Q1. Are you answering as an individual, on behalf of a household, or on behalf of a business?") -> Q1. Are you answering as an individual, on behalf of a household, or on behalf of a business? | D1: =IFERROR(__xludf.dummyfunction("""COMPUTED_VALUE"""),"Q2. On a scale of 0-5, how much do you think Twyford should focus on addressing climate change and its impacts?") -> Q2. On a scale of 0-5, how much do you think Twyford should focus on addressing climate change and its impacts? | E1: =IFERROR(__xludf.dummyfunction("""COMPUTED_VALUE"""),"Q3. What are your biggest concerns about the effects of climate change? (Select any/all that apply)") -> Q3. What are your biggest concerns about the effects of climate change? (Select any/all that apply) | F1: =IFERROR(__xludf.dummyfunction("""COMPUTED_VALUE"""),"Q4. What steps have you/your household/your business taken to reduce the impact of climate change? (Select any/all that apply)") -> Q4. What steps have you/your household/your business taken to reduce the impact of climate change? (Select any/all that apply) | G1: =IFERROR(__xludf.dummyfunction("""COMPUTED_VALUE"""),"Q5. What are the things that hold you back from doing more? (Select any/all that apply)") -> Q5. What are the things that hold you back from doing more? (Select any/all that apply) | H1: =IFERROR(__xludf.dummyfunction("""COMPUTED_VALUE"""),"Q6. I'd potentially be interested in... (select any/all that apply)") -> Q6. I'd potentially be interested in... (select any/all that apply) | I1: =IFERROR(__xludf.dummyfunction("""COMPUTED_VALUE"""),"Q7. What do you think we could do as a village to have the greatest impact on the climate?") -> Q7. What do you think we could do as a village to have the greatest impact on the climate? | J1: =IFERROR(__xludf.dummyfunction("""COMPUTED_VALUE"""),"Q8. We need a great name for our group - any ideas?") -> Q8. We need a great name for our group - any ideas? | K1: =IFERROR(__xludf.dummyfunction("""COMPUTED_VALUE"""),"Q9. If there's anything else you want to share with us, please add your comments here:") -> Q9. If there's anything else you want to share with us, please add your comments here: | L1: =IFERROR(__xludf.dummyfunction("""COMPUTED_VALUE"""),"Q10. How old are you?") -> Q10. How old are you? | M1: DATA COMMENTS | N1: =IFERROR(__xludf.dummyfunction("""COMPUTED_VALUE"""),"") | O1: =IFERROR(__xludf.dummyfunction("""COMPUTED_VALUE"""),"") | P1: =IFERROR(__xludf.dummyfunction("""COMPUTED_VALUE"""),"") | Q1: =IFERROR(__xludf.dummyfunction("""COMPUTED_VALUE"""),"") | R1: =IFERROR(__xludf.dummyfunction("""COMPUTED_VALUE"""),"")
A2: Digital | B2: =IFERROR(__xludf.dummyfunction("""COMPUTED_VALUE"""),46044.7529241204) -> 46044.753 | C2: =IFERROR(__xludf.dummyfunction("""COMPUTED_VALUE"""),"Individual or Household") -> Individual or Household | D2: =IFERROR(__xludf.dummyfunction("""COMPUTED_VALUE"""),5) -> 5 | E2: =IFERROR(__xludf.dummyfunction("""COMPUTED_VALUE"""),"The impact on my children and grandchildren, Loss of biodiversity, Extreme heat/wildfires, Higher bills (higher prices of food, water, energy, etc.), Economic/political instability, Impacts of climate change on poorer communities elsewhere in the world, C"&"limate migration") -> The impact on my children and grandchildren, Loss of biodiversity, Extreme heat/wildfires, Higher bills (higher prices of food, water, energy, etc.), Economic/political instability, Impacts of climate change on poorer communities elsewhere in the world, Climate migration | F2: =IFERROR(__xludf.dummyfunction("""COMPUTED_VALUE"""),"Nature friendly gardening (e.g. planting wildflowers, rewilding, using peat-free compost), Adopted a more climate-friendly diet (e.g. reduced meat consumption, buying local, buying food in season), Reduced my travel, Used lower carbon ways of travelling ("&"e.g. walking, cycling, public transport), Invested in an electric/hybrid car, Reduced my energy use, Installed insulation, Reused or repaired items, Composted or recycled waste, Reduced water use (e.g. install water butts, shorter showers), Reduced heat r"&"isk (e.g. additional planting, shading around my property), Joined a climate or environmental group, Talked to friends and family about climate change or actions I've taken, Solar panels plus storage battery") -> Nature friendly gardening (e.g. planting wildflowers, rewilding, using peat-free compost), Adopted a more climate-friendly diet (e.g. reduced meat consumption, buying local, buying food in season), Reduced my travel, Used lower carbon ways of travelling (e.g. walking, cycling, public transport), Invested in an electric/hybrid car, Reduced my energy use, Installed insulation, Reused or repaired items, Composted or recycled waste, Reduced water use (e.g. install water butts, shorter showers), Reduced heat risk (e.g. additional planting, shading around my property), Joined a climate or environmental group, Talked to friends and family about climate change or actions I've taken, Solar panels plus storage battery | G2: =IFERROR(__xludf.dummyfunction("""COMPUTED_VALUE"""),"I've done as much as I can") -> I've done as much as I can | H2: =IFERROR(__xludf.dummyfunction("""COMPUTED_VALUE"""),"Information about what I can do (including talks/demonstrations), Joining others with similar interests so we can create action together, Opportunities to talk about my feelings about climate change, Practical tasks or projects") -> Information about what I can do (including talks/demonstrations), Joining others with similar interests so we can create action together, Opportunities to talk about my feelings about climate change, Practical tasks or projects | I2: =IFERROR(__xludf.dummyfunction("""COMPUTED_VALUE"""),"Reduce traffic, plant more trees, hold veggie days in local pubs and cafes") -> Reduce traffic, plant more trees, hold veggie days in local pubs and cafes | L2: =IFERROR(__xludf.dummyfunction("""COMPUTED_VALUE"""),"Over 65") -> Over 65
A3: Digital | B3: =IFERROR(__xludf.dummyfunction("""COMPUTED_VALUE"""),46045.5621195718) -> 46045.562 | C3: =IFERROR(__xludf.dummyfunction("""COMPUTED_VALUE"""),"Individual or Household") -> Individual or Household | D3: =IFERROR(__xludf.dummyfunction("""COMPUTED_VALUE"""),5) -> 5 | E3: =IFERROR(__xludf.dummyfunction("""COMPUTED_VALUE"""),"The impact on my children and grandchildren, Loss of biodiversity, Floods and storms, Extreme heat/wildfires, Economic/political instability, Impacts of climate change on poorer communities elsewhere in the world") -> The impact on my children and grandchildren, Loss of biodiversity, Floods and storms, Extreme heat/wildfires, Economic/political instability, Impacts of climate change on poorer communities elsewhere in the world | F3: =IFERROR(__xludf.dummyfunction("""COMPUTED_VALUE"""),"Nature friendly gardening (e.g. planting wildflowers, rewilding, using peat-free compost), Adopted a more climate-friendly diet (e.g. reduced meat consumption, buying local, buying food in season), Reduced my travel, Used lower carbon ways of travelling ("&"e.g. walking, cycling, public transport), Reduced my energy use, Hired or borrowed items instead of buying, Reused or repaired items, Composted or recycled waste, Reduced water use (e.g. install water butts, shorter showers), Reduced heat risk (e.g. addit"&"ional planting, shading around my property), Taken political action (e.g. written to MP, taken part in campaigns or protests), Joined a climate or environmental group, Talked to friends and family about climate change or actions I've taken") -> Nature friendly gardening (e.g. planting wildflowers, rewilding, using peat-free compost), Adopted a more climate-friendly diet (e.g. reduced meat consumption, buying local, buying food in season), Reduced my travel, Used lower carbon ways of travelling (e.g. walking, cycling, public transport), Reduced my energy use, Hired or borrowed items instead of buying, Reused or repaired items, Composted or recycled waste, Reduced water use (e.g. install water butts, shorter showers), Reduced heat risk (e.g. additional planting, shading around my property), Taken political action (e.g. written to MP, taken part in campaigns or protests), Joined a climate or environmental group, Talked to friends and family about climate change or actions I've taken | G3: =IFERROR(__xludf.dummyfunction("""COMPUTED_VALUE"""),"I don't have the money, I don't have the time") -> I don't have the money, I don't have the time | H3: =IFERROR(__xludf.dummyfunction("""COMPUTED_VALUE"""),"Information about what I can do (including talks/demonstrations), Practical tasks or projects") -> Information about what I can do (including talks/demonstrations), Practical tasks or projects | I3: =IFERROR(__xludf.dummyfunction("""COMPUTED_VALUE"""),"Reduce traffic: eg reduce car use by residents and traffic volume passing through the village. NB traffic was the biggest quality of life issue for residents in Neighbourhood Plan consultation.") -> Reduce traffic: eg reduce car use by residents and traffic volume passing through the village. NB traffic was the biggest quality of life issue for residents in Neighbourhood Plan consultation. | J3: =IFERROR(__xludf.dummyfunction("""COMPUTED_VALUE"""),"Sustain Twyford") -> Sustain Twyford | L3: =IFERROR(__xludf.dummyfunction("""COMPUTED_VALUE"""),"Over 65") -> Over 65
A4: Digital | B4: =IFERROR(__xludf.dummyfunction("""COMPUTED_VALUE"""),46048.5475229861) -> 46048.548 | C4: =IFERROR(__xludf.dummyfunction("""COMPUTED_VALUE"""),"Individual") -> Individual | D4: =IFERROR(__xludf.dummyfunction("""COMPUTED_VALUE"""),5) -> 5 | E4: =IFERROR(__xludf.dummyfunction("""COMPUTED_VALUE"""),"The impact on my children and grandchildren, Loss of biodiversity, Floods and storms, Water shortages, Extreme heat/wildfires, Higher bills (higher prices of food, water, energy, etc.), Economic/political instability, Impacts of climate change on poorer c"&"ommunities elsewhere in the world, Climate migration") -> The impact on my children and grandchildren, Loss of biodiversity, Floods and storms, Water shortages, Extreme heat/wildfires, Higher bills (higher prices of food, water, energy, etc.), Economic/political instability, Impacts of climate change on poorer communities elsewhere in the world, Climate migration | F4: =IFERROR(__xludf.dummyfunction("""COMPUTED_VALUE"""),"Nature friendly gardening (e.g. planting wildflowers, rewilding, using peat-free compost), Adopted a more climate-friendly diet (e.g. reduced meat consumption, buying local, buying food in season), Reduced my travel, Used lower carbon ways of travelling ("&"e.g. walking, cycling, public transport), Installed insulation, Hired or borrowed items instead of buying, Reused or repaired items, Composted or recycled waste, Reduced water use (e.g. install water butts, shorter showers), Moved my money to sustainable "&"banks or invested in sustainable funds, Taken political action (e.g. written to MP, taken part in campaigns or protests), Joined a climate or environmental group, Talked to friends and family about climate change or actions I've taken") -> Nature friendly gardening (e.g. planting wildflowers, rewilding, using peat-free compost), Adopted a more climate-friendly diet (e.g. reduced meat consumption, buying local, buying food in season), Reduced my travel, Used lower carbon ways of travelling (e.g. walking, cycling, public transport), Installed insulation, Hired or borrowed items instead of buying, Reused or repaired items, Composted or recycled waste, Reduced water use (e.g. install water butts, shorter showers), Moved my money to sustainable banks or invested in sustainable funds, Taken political action (e.g. written to MP, taken part in campaigns or protests), Joined a climate or environmental group, Talked to friends and family about climate change or actions I've taken | G4: =IFERROR(__xludf.dummyfunction("""COMPUTED_VALUE"""),"I’m doing as much as I can for now") -> I’m doing as much as I can for now | H4: =IFERROR(__xludf.dummyfunction("""COMPUTED_VALUE"""),"Information about what I can do (including talks/demonstrations), Joining others with similar interests so we can create action together, Opportunities to talk about my feelings about climate change, Practical tasks or projects, Sharing my skills and know"&"ledge with others, Setting up locally run projects or campaigns") -> Information about what I can do (including talks/demonstrations), Joining others with similar interests so we can create action together, Opportunities to talk about my feelings about climate change, Practical tasks or projects, Sharing my skills and knowledge with others, Setting up locally run projects or campaigns | I4: =IFERROR(__xludf.dummyfunction("""COMPUTED_VALUE"""),"Provide an hub for opportunities and signposting for people to come together as groups who all focus on different topics where local or global. Encourage everyone to lead or contribute according to their own interests and specialisms rather than a prescri"&"ptive one size fits all approach. We need to build a strong community to help us through the challenges associated with what’s being billed as the poly crisis. As well as community involvement, we really need bold and visible leadership from the Parish "&"Council. ") -> Provide an hub for opportunities and signposting for people to come together as groups who all focus on different topics where local or global. Encourage everyone to lead or contribute according to their own interests and specialisms rather than a prescriptive one size fits all approach. We need to build a strong community to help us through the challenges associated with what’s being billed as the poly crisis. As well as community involvement, we really need bold and visible leadership from the Parish Council. | J4: =IFERROR(__xludf.dummyfunction("""COMPUTED_VALUE"""),"Not my specialism but I like ideas that incorporate words such as: Twyford, Environment, Climate, Community, Adaption, Restoration, Resilience ") -> Not my specialism but I like ideas that incorporate words such as: Twyford, Environment, Climate, Community, Adaption, Restoration, Resilience | L4: =IFERROR(__xludf.dummyfunction("""COMPUTED_VALUE"""),"45-54") -> 45-54
A5: Digital | B5: =IFERROR(__xludf.dummyfunction("""COMPUTED_VALUE"""),46051.9475724884) -> 46051.948 | C5: =IFERROR(__xludf.dummyfunction("""COMPUTED_VALUE"""),"Household") -> Household | D5: =IFERROR(__xludf.dummyfunction("""COMPUTED_VALUE"""),5) -> 5 | E5: =IFERROR(__xludf.dummyfunction("""COMPUTED_VALUE"""),"The impact on my children and grandchildren, Loss of biodiversity, Floods and storms, Water shortages, Extreme heat/wildfires, Higher bills (higher prices of food, water, energy, etc.), Economic/political instability, Impacts of climate change on poorer c"&"ommunities elsewhere in the world, Climate migration, Negative impact on health of climate change") -> The impact on my children and grandchildren, Loss of biodiversity, Floods and storms, Water shortages, Extreme heat/wildfires, Higher bills (higher prices of food, water, energy, etc.), Economic/political instability, Impacts of climate change on poorer communities elsewhere in the world, Climate migration, Negative impact on health of climate change | F5: =IFERROR(__xludf.dummyfunction("""COMPUTED_VALUE"""),"Adopted a more climate-friendly diet (e.g. reduced meat consumption, buying local, buying food in season), Reduced my travel, Used lower carbon ways of travelling (e.g. walking, cycling, public transport), Invested in an electric/hybrid car, Reused or rep"&"aired items, Composted or recycled waste, Reduced water use (e.g. install water butts, shorter showers), Moved my money to sustainable banks or invested in sustainable funds, Taken political action (e.g. written to MP, taken part in campaigns or protests)"&", Joined a climate or environmental group, Talked to friends and family about climate change or actions I've taken") -> Adopted a more climate-friendly diet (e.g. reduced meat consumption, buying local, buying food in season), Reduced my travel, Used lower carbon ways of travelling (e.g. walking, cycling, public transport), Invested in an electric/hybrid car, Reused or repaired items, Composted or recycled waste, Reduced water use (e.g. install water butts, shorter showers), Moved my money to sustainable banks or invested in sustainable funds, Taken political action (e.g. written to MP, taken part in campaigns or protests), Joined a climate or environmental group, Talked to friends and family about climate change or actions I've taken | G5: =IFERROR(__xludf.dummyfunction("""COMPUTED_VALUE"""),"I don't have the time") -> I don't have the time | H5: =IFERROR(__xludf.dummyfunction("""COMPUTED_VALUE"""),"Information about what I can do (including talks/demonstrations), Joining others with similar interests so we can create action together, Opportunities to talk about my feelings about climate change, Practical tasks or projects, Sharing my skills and know"&"ledge with others, Setting up locally run projects or campaigns") -> Information about what I can do (including talks/demonstrations), Joining others with similar interests so we can create action together, Opportunities to talk about my feelings about climate change, Practical tasks or projects, Sharing my skills and knowledge with others, Setting up locally run projects or campaigns | I5: =IFERROR(__xludf.dummyfunction("""COMPUTED_VALUE"""),"1) Reduce the speed limit through the village in a meaningful way (with speed cameras) to reduce the negative impact from air pollution on the climate and residents. 2) Campaign and work towards better infrastructure for safer cycling and walking routes"&" and public transport. 3) Conservation of the green spaces around the village and the beautiful nature spaces we are so fortunate to be surrounded by. ") -> 1) Reduce the speed limit through the village in a meaningful way (with speed cameras) to reduce the negative impact from air pollution on the climate and residents. 2) Campaign and work towards better infrastructure for safer cycling and walking routes and public transport. 3) Conservation of the green spaces around the village and the beautiful nature spaces we are so fortunate to be surrounded by. | J5: =IFERROR(__xludf.dummyfunction("""COMPUTED_VALUE"""),"Twyford Action for Climate Change (TACC) ") -> Twyford Action for Climate Change (TACC) | K5: =IFERROR(__xludf.dummyfunction("""COMPUTED_VALUE"""),"I would be happy to volunteer time to the group if details of this are shared. ") -> I would be happy to volunteer time to the group if details of this are shared. | L5: =IFERROR(__xludf.dummyfunction("""COMPUTED_VALUE"""),"35-44") -> 35-44
A6: Digital | B6: =IFERROR(__xludf.dummyfunction("""COMPUTED_VALUE"""),46051.9763743287) -> 46051.976 | C6: =IFERROR(__xludf.dummyfunction("""COMPUTED_VALUE"""),"Household") -> Household | D6: =IFERROR(__xludf.dummyfunction("""COMPUTED_VALUE"""),5) -> 5 | E6: =IFERROR(__xludf.dummyfunction("""COMPUTED_VALUE"""),"The impact on my children and grandchildren, Loss of biodiversity, Floods and storms, Water shortages, Extreme heat/wildfires, Economic/political instability, Impacts of climate change on poorer communities elsewhere in the world, Climate migration") -> The impact on my children and grandchildren, Loss of biodiversity, Floods and storms, Water shortages, Extreme heat/wildfires, Economic/political instability, Impacts of climate change on poorer communities elsewhere in the world, Climate migration | F6: =IFERROR(__xludf.dummyfunction("""COMPUTED_VALUE"""),"Adopted a more climate-friendly diet (e.g. reduced meat consumption, buying local, buying food in season), Used lower carbon ways of travelling (e.g. walking, cycling, public transport), Invested in an electric/hybrid car, Composted or recycled waste, Mov"&"ed my money to sustainable banks or invested in sustainable funds, Taken political action (e.g. written to MP, taken part in campaigns or protests), Talked to friends and family about climate change or actions I've taken") -> Adopted a more climate-friendly diet (e.g. reduced meat consumption, buying local, buying food in season), Used lower carbon ways of travelling (e.g. walking, cycling, public transport), Invested in an electric/hybrid car, Composted or recycled waste, Moved my money to sustainable banks or invested in sustainable funds, Taken political action (e.g. written to MP, taken part in campaigns or protests), Talked to friends and family about climate change or actions I've taken | G6: =IFERROR(__xludf.dummyfunction("""COMPUTED_VALUE"""),"I don't have the money, I believe it's up to those in power to lead") -> I don't have the money, I believe it's up to those in power to lead | H6: =IFERROR(__xludf.dummyfunction("""COMPUTED_VALUE"""),"Joining others with similar interests so we can create action together, Practical tasks or projects, Sharing my skills and knowledge with others, Setting up locally run projects or campaigns") -> Joining others with similar interests so we can create action together, Practical tasks or projects, Sharing my skills and knowledge with others, Setting up locally run projects or campaigns | I6: =IFERROR(__xludf.dummyfunction("""COMPUTED_VALUE"""),"Introduce safe cycling routes to Winchester, Shawford and Colden Common. Reduce the speed limit to 20mph through the village with speed cameras.") -> Introduce safe cycling routes to Winchester, Shawford and Colden Common. Reduce the speed limit to 20mph through the village with speed cameras. | L6: =IFERROR(__xludf.dummyfunction("""COMPUTED_VALUE"""),"35-44") -> 35-44
A7: Digital | B7: =IFERROR(__xludf.dummyfunction("""COMPUTED_VALUE"""),46052.5287322106) -> 46052.529 | C7: =IFERROR(__xludf.dummyfunction("""COMPUTED_VALUE"""),"Individual") -> Individual | D7: =IFERROR(__xludf.dummyfunction("""COMPUTED_VALUE"""),5) -> 5 | E7: =IFERROR(__xludf.dummyfunction("""COMPUTED_VALUE"""),"The impact on my children and grandchildren, Loss of biodiversity, Floods and storms, Water shortages, Extreme heat/wildfires") -> The impact on my children and grandchildren, Loss of biodiversity, Floods and storms, Water shortages, Extreme heat/wildfires | F7: =IFERROR(__xludf.dummyfunction("""COMPUTED_VALUE"""),"Nature friendly gardening (e.g. planting wildflowers, rewilding, using peat-free compost), Adopted a more climate-friendly diet (e.g. reduced meat consumption, buying local, buying food in season), Used lower carbon ways of travelling (e.g. walking, cycli"&"ng, public transport), Hired or borrowed items instead of buying, Reused or repaired items, Composted or recycled waste, Reduced water use (e.g. install water butts, shorter showers)") -> Nature friendly gardening (e.g. planting wildflowers, rewilding, using peat-free compost), Adopted a more climate-friendly diet (e.g. reduced meat consumption, buying local, buying food in season), Used lower carbon ways of travelling (e.g. walking, cycling, public transport), Hired or borrowed items instead of buying, Reused or repaired items, Composted or recycled waste, Reduced water use (e.g. install water butts, shorter showers) | G7: =IFERROR(__xludf.dummyfunction("""COMPUTED_VALUE"""),"N/a") -> N/a | H7: =IFERROR(__xludf.dummyfunction("""COMPUTED_VALUE"""),"Information about what I can do (including talks/demonstrations), Joining others with similar interests so we can create action together, Practical tasks or projects, Setting up locally run projects or campaigns") -> Information about what I can do (including talks/demonstrations), Joining others with similar interests so we can create action together, Practical tasks or projects, Setting up locally run projects or campaigns | I7: =IFERROR(__xludf.dummyfunction("""COMPUTED_VALUE"""),"Promote and encourage the little/easy changes that everyone can do. Rewilding of the available land.") -> Promote and encourage the little/easy changes that everyone can do. Rewilding of the available land. | L7: =IFERROR(__xludf.dummyfunction("""COMPUTED_VALUE"""),"45-54") -> 45-54
A8: Digital | B8: =IFERROR(__xludf.dummyfunction("""COMPUTED_VALUE"""),46052.8085219792) -> 46052.809 | C8: =IFERROR(__xludf.dummyfunction("""COMPUTED_VALUE"""),"Household") -> Household | D8: =IFERROR(__xludf.dummyfunction("""COMPUTED_VALUE"""),5) -> 5 | E8: =IFERROR(__xludf.dummyfunction("""COMPUTED_VALUE"""),"The impact on my children and grandchildren, Loss of biodiversity, Floods and storms, Impacts of climate change on poorer communities elsewhere in the world, Climate migration") -> The impact on my children and grandchildren, Loss of biodiversity, Floods and storms, Impacts of climate change on poorer communities elsewhere in the world, Climate migration | F8: =IFERROR(__xludf.dummyfunction("""COMPUTED_VALUE"""),"Nature friendly gardening (e.g. planting wildflowers, rewilding, using peat-free compost), Adopted a more climate-friendly diet (e.g. reduced meat consumption, buying local, buying food in season), Reduced my travel, Invested in an electric/hybrid car, Re"&"duced my energy use, Installed insulation, Installed a greener heating system, Reused or repaired items, Composted or recycled waste, Reduced water use (e.g. install water butts, shorter showers), Moved my money to sustainable banks or invested in sustain"&"able funds, Installed significant solar generation") -> Nature friendly gardening (e.g. planting wildflowers, rewilding, using peat-free compost), Adopted a more climate-friendly diet (e.g. reduced meat consumption, buying local, buying food in season), Reduced my travel, Invested in an electric/hybrid car, Reduced my energy use, Installed insulation, Installed a greener heating system, Reused or repaired items, Composted or recycled waste, Reduced water use (e.g. install water butts, shorter showers), Moved my money to sustainable banks or invested in sustainable funds, Installed significant solar generation | G8: =IFERROR(__xludf.dummyfunction("""COMPUTED_VALUE"""),"Balancing demands of life with taking action") -> Balancing demands of life with taking action | H8: =IFERROR(__xludf.dummyfunction("""COMPUTED_VALUE"""),"Information about what I can do (including talks/demonstrations)") -> Information about what I can do (including talks/demonstrations) | I8: =IFERROR(__xludf.dummyfunction("""COMPUTED_VALUE"""),"Take care of our green spaces and promote locally grown non plastic covered or processed foods eg support Hampshire Market Garden") -> Take care of our green spaces and promote locally grown non plastic covered or processed foods eg support Hampshire Market Garden | L8: =IFERROR(__xludf.dummyfunction("""COMPUTED_VALUE"""),"55-64") -> 55-64
A9: Digital | B9: =IFERROR(__xludf.dummyfunction("""COMPUTED_VALUE"""),46061.695272581) -> 46061.695 | C9: =IFERROR(__xludf.dummyfunction("""COMPUTED_VALUE"""),"Household") -> Household | D9: =IFERROR(__xludf.dummyfunction("""COMPUTED_VALUE"""),5) -> 5 | E9: =IFERROR(__xludf.dummyfunction("""COMPUTED_VALUE"""),"The impact on my children and grandchildren, Loss of biodiversity, Floods and storms, Water shortages, Extreme heat/wildfires, Economic/political instability, Impacts of climate change on poorer communities elsewhere in the world") -> The impact on my children and grandchildren, Loss of biodiversity, Floods and storms, Water shortages, Extreme heat/wildfires, Economic/political instability, Impacts of climate change on poorer communities elsewhere in the world | F9: =IFERROR(__xludf.dummyfunction("""COMPUTED_VALUE"""),"Nature friendly gardening (e.g. planting wildflowers, rewilding, using peat-free compost), Adopted a more climate-friendly diet (e.g. reduced meat consumption, buying local, buying food in season), Reduced my travel, Hired or borrowed items instead of buy"&"ing, Reused or repaired items, Composted or recycled waste, Moved my money to sustainable banks or invested in sustainable funds, Taken political action (e.g. written to MP, taken part in campaigns or protests), Joined a climate or environmental group, Ta"&"lked to friends and family about climate change or actions I've taken") -> Nature friendly gardening (e.g. planting wildflowers, rewilding, using peat-free compost), Adopted a more climate-friendly diet (e.g. reduced meat consumption, buying local, buying food in season), Reduced my travel, Hired or borrowed items instead of buying, Reused or repaired items, Composted or recycled waste, Moved my money to sustainable banks or invested in sustainable funds, Taken political action (e.g. written to MP, taken part in campaigns or protests), Joined a climate or environmental group, Talked to friends and family about climate change or actions I've taken | G9: =IFERROR(__xludf.dummyfunction("""COMPUTED_VALUE"""),"I don't have the money, I don't have the time, I believe it's up to those in power to lead") -> I don't have the money, I don't have the time, I believe it's up to those in power to lead | H9: =IFERROR(__xludf.dummyfunction("""COMPUTED_VALUE"""),"Information about what I can do (including talks/demonstrations), Joining others with similar interests so we can create action together, Opportunities to talk about my feelings about climate change, Practical tasks or projects, Sharing my skills and know"&"ledge with others, Setting up locally run projects or campaigns, Attending protests") -> Information about what I can do (including talks/demonstrations), Joining others with similar interests so we can create action together, Opportunities to talk about my feelings about climate change, Practical tasks or projects, Sharing my skills and knowledge with others, Setting up locally run projects or campaigns, Attending protests | I9: =IFERROR(__xludf.dummyfunction("""COMPUTED_VALUE"""),"Educate, large (and small scale) biodiviersity efforts, sharing economy (repair, reuse, teach skills), monthly repair cafe.") -> Educate, large (and small scale) biodiviersity efforts, sharing economy (repair, reuse, teach skills), monthly repair cafe. | K9: =IFERROR(__xludf.dummyfunction("""COMPUTED_VALUE"""),"We will be messaging about getting inolved!") -> We will be messaging about getting inolved! | L9: =IFERROR(__xludf.dummyfunction("""COMPUTED_VALUE"""),"35-44") -> 35-44
A10: Digital | B10: =IFERROR(__xludf.dummyfunction("""COMPUTED_VALUE"""),46063.7047528819) -> 46063.705 | C10: =IFERROR(__xludf.dummyfunction("""COMPUTED_VALUE"""),"Household") -> Household | D10: =IFERROR(__xludf.dummyfunction("""COMPUTED_VALUE"""),4) -> 4 | E10: =IFERROR(__xludf.dummyfunction("""COMPUTED_VALUE"""),"Loss of biodiversity, Floods and storms, Water shortages, Extreme heat/wildfires, Higher bills (higher prices of food, water, energy, etc.), Impacts of climate change on poorer communities elsewhere in the world") -> Loss of biodiversity, Floods and storms, Water shortages, Extreme heat/wildfires, Higher bills (higher prices of food, water, energy, etc.), Impacts of climate change on poorer communities elsewhere in the world | F10: =IFERROR(__xludf.dummyfunction("""COMPUTED_VALUE"""),"Adopted a more climate-friendly diet (e.g. reduced meat consumption, buying local, buying food in season), Invested in an electric/hybrid car, Installed a greener heating system, Reused or repaired items, Composted or recycled waste, Reduced water use (e."&"g. install water butts, shorter showers)") -> Adopted a more climate-friendly diet (e.g. reduced meat consumption, buying local, buying food in season), Invested in an electric/hybrid car, Installed a greener heating system, Reused or repaired items, Composted or recycled waste, Reduced water use (e.g. install water butts, shorter showers) | G10: =IFERROR(__xludf.dummyfunction("""COMPUTED_VALUE"""),"I don't have the money") -> I don't have the money | H10: =IFERROR(__xludf.dummyfunction("""COMPUTED_VALUE"""),"Information about what I can do (including talks/demonstrations)") -> Information about what I can do (including talks/demonstrations) | L10: =IFERROR(__xludf.dummyfunction("""COMPUTED_VALUE"""),"45-54") -> 45-54
A11: Digital | B11: =IFERROR(__xludf.dummyfunction("""COMPUTED_VALUE"""),46063.7053879398) -> 46063.705 | C11: =IFERROR(__xludf.dummyfunction("""COMPUTED_VALUE"""),"Individual") -> Individual | D11: =IFERROR(__xludf.dummyfunction("""COMPUTED_VALUE"""),5) -> 5 | E11: =IFERROR(__xludf.dummyfunction("""COMPUTED_VALUE"""),"The impact on my children and grandchildren, Loss of biodiversity, Floods and storms, Water shortages, Climate migration") -> The impact on my children and grandchildren, Loss of biodiversity, Floods and storms, Water shortages, Climate migration | F11: =IFERROR(__xludf.dummyfunction("""COMPUTED_VALUE"""),"Adopted a more climate-friendly diet (e.g. reduced meat consumption, buying local, buying food in season), Reduced my travel, Used lower carbon ways of travelling (e.g. walking, cycling, public transport), Reduced my energy use, Installed insulation, Comp"&"osted or recycled waste") -> Adopted a more climate-friendly diet (e.g. reduced meat consumption, buying local, buying food in season), Reduced my travel, Used lower carbon ways of travelling (e.g. walking, cycling, public transport), Reduced my energy use, Installed insulation, Composted or recycled waste | G11: =IFERROR(__xludf.dummyfunction("""COMPUTED_VALUE"""),"I don't have the money, I don't have the time") -> I don't have the money, I don't have the time | H11: =IFERROR(__xludf.dummyfunction("""COMPUTED_VALUE"""),"Setting up locally run projects or campaigns") -> Setting up locally run projects or campaigns | I11: =IFERROR(__xludf.dummyfunction("""COMPUTED_VALUE"""),"Lobby local government to improve bus access in Twyford, especially a direct and regular bus to Winchester station at peak commuting hours, synchronised with the London trains. Also, stop parish council grazing cows on common land! ") -> Lobby local government to improve bus access in Twyford, especially a direct and regular bus to Winchester station at peak commuting hours, synchronised with the London trains. Also, stop parish council grazing cows on common land! | L11: =IFERROR(__xludf.dummyfunction("""COMPUTED_VALUE"""),"45-54") -> 45-54
A12: Digital | B12: =IFERROR(__xludf.dummyfunction("""COMPUTED_VALUE"""),46063.7211978935) -> 46063.721 | C12: =IFERROR(__xludf.dummyfunction("""COMPUTED_VALUE"""),"Individual") -> Individual | D12: =IFERROR(__xludf.dummyfunction("""COMPUTED_VALUE"""),5) -> 5 | E12: =IFERROR(__xludf.dummyfunction("""COMPUTED_VALUE"""),"The impact on my children and grandchildren, Loss of biodiversity, Floods and storms, Water shortages, Extreme heat/wildfires, Higher bills (higher prices of food, water, energy, etc.), Economic/political instability, Impacts of climate change on poorer c"&"ommunities elsewhere in the world, Climate migration") -> The impact on my children and grandchildren, Loss of biodiversity, Floods and storms, Water shortages, Extreme heat/wildfires, Higher bills (higher prices of food, water, energy, etc.), Economic/political instability, Impacts of climate change on poorer communities elsewhere in the world, Climate migration | F12: =IFERROR(__xludf.dummyfunction("""COMPUTED_VALUE"""),"Nature friendly gardening (e.g. planting wildflowers, rewilding, using peat-free compost), Invested in an electric/hybrid car, Reduced my energy use, Installed a greener heating system, Composted or recycled waste, Reduced water use (e.g. install water bu"&"tts, shorter showers)") -> Nature friendly gardening (e.g. planting wildflowers, rewilding, using peat-free compost), Invested in an electric/hybrid car, Reduced my energy use, Installed a greener heating system, Composted or recycled waste, Reduced water use (e.g. install water butts, shorter showers) | G12: =IFERROR(__xludf.dummyfunction("""COMPUTED_VALUE"""),"I don't know what I can do") -> I don't know what I can do | H12: =IFERROR(__xludf.dummyfunction("""COMPUTED_VALUE"""),"Practical tasks or projects") -> Practical tasks or projects | L12: =IFERROR(__xludf.dummyfunction("""COMPUTED_VALUE"""),"55-64") -> 55-64
A13: Digital | B13: =IFERROR(__xludf.dummyfunction("""COMPUTED_VALUE"""),46064.2507972569) -> 46064.251 | C13: =IFERROR(__xludf.dummyfunction("""COMPUTED_VALUE"""),"Individual") -> Individual | D13: =IFERROR(__xludf.dummyfunction("""COMPUTED_VALUE"""),1) -> 1 | E13: =IFERROR(__xludf.dummyfunction("""COMPUTED_VALUE"""),"Higher bills (higher prices of food, water, energy, etc.)") -> Higher bills (higher prices of food, water, energy, etc.) | F13: =IFERROR(__xludf.dummyfunction("""COMPUTED_VALUE"""),"Composted or recycled waste") -> Composted or recycled waste | G13: =IFERROR(__xludf.dummyfunction("""COMPUTED_VALUE"""),"I've done as much as I can") -> I've done as much as I can | H13: =IFERROR(__xludf.dummyfunction("""COMPUTED_VALUE"""),"None of the above") -> None of the above | L13: =IFERROR(__xludf.dummyfunction("""COMPUTED_VALUE"""),"45-54") -> 45-54
A14: Digital | B14: =IFERROR(__xludf.dummyfunction("""COMPUTED_VALUE"""),46064.7441657176) -> 46064.744 | C14: =IFERROR(__xludf.dummyfunction("""COMPUTED_VALUE"""),"Household") -> Household | D14: =IFERROR(__xludf.dummyfunction("""COMPUTED_VALUE"""),5) -> 5 | E14: =IFERROR(__xludf.dummyfunction("""COMPUTED_VALUE"""),"The impact on my children and grandchildren, Loss of biodiversity, Floods and storms, Water shortages, Extreme heat/wildfires, Impacts of climate change on poorer communities elsewhere in the world") -> The impact on my children and grandchildren, Loss of biodiversity, Floods and storms, Water shortages, Extreme heat/wildfires, Impacts of climate change on poorer communities elsewhere in the world | F14: =IFERROR(__xludf.dummyfunction("""COMPUTED_VALUE"""),"Nature friendly gardening (e.g. planting wildflowers, rewilding, using peat-free compost), Adopted a more climate-friendly diet (e.g. reduced meat consumption, buying local, buying food in season), Used lower carbon ways of travelling (e.g. walking, cycli"&"ng, public transport), Installed insulation, Composted or recycled waste, Reduced water use (e.g. install water butts, shorter showers)") -> Nature friendly gardening (e.g. planting wildflowers, rewilding, using peat-free compost), Adopted a more climate-friendly diet (e.g. reduced meat consumption, buying local, buying food in season), Used lower carbon ways of travelling (e.g. walking, cycling, public transport), Installed insulation, Composted or recycled waste, Reduced water use (e.g. install water butts, shorter showers) | G14: =IFERROR(__xludf.dummyfunction("""COMPUTED_VALUE"""),"I don't have the money") -> I don't have the money | H14: =IFERROR(__xludf.dummyfunction("""COMPUTED_VALUE"""),"Information about what I can do (including talks/demonstrations)") -> Information about what I can do (including talks/demonstrations) | L14: =IFERROR(__xludf.dummyfunction("""COMPUTED_VALUE"""),"Over 65") -> Over 65
A15: Digital | B15: =IFERROR(__xludf.dummyfunction("""COMPUTED_VALUE"""),46064.9629957523) -> 46064.963 | C15: =IFERROR(__xludf.dummyfunction("""COMPUTED_VALUE"""),"Individual") -> Individual | D15: =IFERROR(__xludf.dummyfunction("""COMPUTED_VALUE"""),4) -> 4 | E15: =IFERROR(__xludf.dummyfunction("""COMPUTED_VALUE"""),"The impact on my children and grandchildren, Loss of biodiversity, Floods and storms, Water shortages, Extreme heat/wildfires, Economic/political instability, Impacts of climate change on poorer communities elsewhere in the world, Climate migration, Groun"&"d water flooding") -> The impact on my children and grandchildren, Loss of biodiversity, Floods and storms, Water shortages, Extreme heat/wildfires, Economic/political instability, Impacts of climate change on poorer communities elsewhere in the world, Climate migration, Ground water flooding | F15: =IFERROR(__xludf.dummyfunction("""COMPUTED_VALUE"""),"Adopted a more climate-friendly diet (e.g. reduced meat consumption, buying local, buying food in season), Installed a greener heating system, Reused or repaired items, Composted or recycled waste, Taken political action (e.g. written to MP, taken part in"&" campaigns or protests), Haven't flown in a plane for about 14 years.") -> Adopted a more climate-friendly diet (e.g. reduced meat consumption, buying local, buying food in season), Installed a greener heating system, Reused or repaired items, Composted or recycled waste, Taken political action (e.g. written to MP, taken part in campaigns or protests), Haven't flown in a plane for about 14 years. | G15: =IFERROR(__xludf.dummyfunction("""COMPUTED_VALUE"""),"I often take the easy way out!") -> I often take the easy way out! | H15: =IFERROR(__xludf.dummyfunction("""COMPUTED_VALUE"""),"Information about what I can do (including talks/demonstrations)") -> Information about what I can do (including talks/demonstrations) | I15: =IFERROR(__xludf.dummyfunction("""COMPUTED_VALUE"""),"""20's Plenty"" throughout the village (including main road)") -> "20's Plenty" throughout the village (including main road) | L15: =IFERROR(__xludf.dummyfunction("""COMPUTED_VALUE"""),"Over 65") -> Over 65
A16: Digital | B16: =IFERROR(__xludf.dummyfunction("""COMPUTED_VALUE"""),46065.2859692014) -> 46065.286 | C16: =IFERROR(__xludf.dummyfunction("""COMPUTED_VALUE"""),"Individual") -> Individual | D16: =IFERROR(__xludf.dummyfunction("""COMPUTED_VALUE"""),4) -> 4 | E16: =IFERROR(__xludf.dummyfunction("""COMPUTED_VALUE"""),"The impact on my children and grandchildren, Loss of biodiversity, Floods and storms, Water shortages, Extreme heat/wildfires, Economic/political instability, Impacts of climate change on poorer communities elsewhere in the world") -> The impact on my children and grandchildren, Loss of biodiversity, Floods and storms, Water shortages, Extreme heat/wildfires, Economic/political instability, Impacts of climate change on poorer communities elsewhere in the world | F16: =IFERROR(__xludf.dummyfunction("""COMPUTED_VALUE"""),"Nature friendly gardening (e.g. planting wildflowers, rewilding, using peat-free compost), Adopted a more climate-friendly diet (e.g. reduced meat consumption, buying local, buying food in season), Reduced my energy use, Reused or repaired items, Composte"&"d or recycled waste, Talked to friends and family about climate change or actions I've taken") -> Nature friendly gardening (e.g. planting wildflowers, rewilding, using peat-free compost), Adopted a more climate-friendly diet (e.g. reduced meat consumption, buying local, buying food in season), Reduced my energy use, Reused or repaired items, Composted or recycled waste, Talked to friends and family about climate change or actions I've taken | G16: =IFERROR(__xludf.dummyfunction("""COMPUTED_VALUE"""),"I don't know what I can do") -> I don't know what I can do | H16: =IFERROR(__xludf.dummyfunction("""COMPUTED_VALUE"""),"Practical tasks or projects") -> Practical tasks or projects | I16: =IFERROR(__xludf.dummyfunction("""COMPUTED_VALUE"""),"Community projects") -> Community projects | J16: =IFERROR(__xludf.dummyfunction("""COMPUTED_VALUE"""),"Working on it!") -> Working on it! | K16: =IFERROR(__xludf.dummyfunction("""COMPUTED_VALUE"""),"Well done - great this group has been set up") -> Well done - great this group has been set up | L16: =IFERROR(__xludf.dummyfunction("""COMPUTED_VALUE"""),"45-54") -> 45-54
A17: Digital | B17: =IFERROR(__xludf.dummyfunction("""COMPUTED_VALUE"""),46065.4781397801) -> 46065.478 | C17: =IFERROR(__xludf.dummyfunction("""COMPUTED_VALUE"""),"Household") -> Household | D17: =IFERROR(__xludf.dummyfunction("""COMPUTED_VALUE"""),5) -> 5 | E17: =IFERROR(__xludf.dummyfunction("""COMPUTED_VALUE"""),"The impact on my children and grandchildren, Loss of biodiversity, Impacts of climate change on poorer communities elsewhere in the world") -> The impact on my children and grandchildren, Loss of biodiversity, Impacts of climate change on poorer communities elsewhere in the world | F17: =IFERROR(__xludf.dummyfunction("""COMPUTED_VALUE"""),"Nature friendly gardening (e.g. planting wildflowers, rewilding, using peat-free compost), Adopted a more climate-friendly diet (e.g. reduced meat consumption, buying local, buying food in season), Reduced my travel, Used lower carbon ways of travelling ("&"e.g. walking, cycling, public transport), Invested in an electric/hybrid car, Reduced my energy use, Reused or repaired items, Composted or recycled waste, Reduced water use (e.g. install water butts, shorter showers), Talked to friends and family about c"&"limate change or actions I've taken") -> Nature friendly gardening (e.g. planting wildflowers, rewilding, using peat-free compost), Adopted a more climate-friendly diet (e.g. reduced meat consumption, buying local, buying food in season), Reduced my travel, Used lower carbon ways of travelling (e.g. walking, cycling, public transport), Invested in an electric/hybrid car, Reduced my energy use, Reused or repaired items, Composted or recycled waste, Reduced water use (e.g. install water butts, shorter showers), Talked to friends and family about climate change or actions I've taken | G17: =IFERROR(__xludf.dummyfunction("""COMPUTED_VALUE"""),"I don't know what I can do, I don't like thinking about climate change") -> I don't know what I can do, I don't like thinking about climate change | H17: =IFERROR(__xludf.dummyfunction("""COMPUTED_VALUE"""),"Information about what I can do (including talks/demonstrations), Practical tasks or projects") -> Information about what I can do (including talks/demonstrations), Practical tasks or projects | L17: =IFERROR(__xludf.dummyfunction("""COMPUTED_VALUE"""),"55-64") -> 55-64
A18: Digital | B18: =IFERROR(__xludf.dummyfunction("""COMPUTED_VALUE"""),46065.5072804745) -> 46065.507 | C18: =IFERROR(__xludf.dummyfunction("""COMPUTED_VALUE"""),"Individual") -> Individual | D18: =IFERROR(__xludf.dummyfunction("""COMPUTED_VALUE"""),5) -> 5 | E18: =IFERROR(__xludf.dummyfunction("""COMPUTED_VALUE"""),"Loss of biodiversity, Water shortages, Extreme heat/wildfires, Economic/political instability, Impacts of climate change on poorer communities elsewhere in the world") -> Loss of biodiversity, Water shortages, Extreme heat/wildfires, Economic/political instability, Impacts of climate change on poorer communities elsewhere in the world | F18: =IFERROR(__xludf.dummyfunction("""COMPUTED_VALUE"""),"Adopted a more climate-friendly diet (e.g. reduced meat consumption, buying local, buying food in season), Reduced my travel, Used lower carbon ways of travelling (e.g. walking, cycling, public transport), Installed insulation, Reused or repaired items, C"&"omposted or recycled waste, Moved my money to sustainable banks or invested in sustainable funds, Joined a climate or environmental group, Talked to friends and family about climate change or actions I've taken") -> Adopted a more climate-friendly diet (e.g. reduced meat consumption, buying local, buying food in season), Reduced my travel, Used lower carbon ways of travelling (e.g. walking, cycling, public transport), Installed insulation, Reused or repaired items, Composted or recycled waste, Moved my money to sustainable banks or invested in sustainable funds, Joined a climate or environmental group, Talked to friends and family about climate change or actions I've taken | G18: =IFERROR(__xludf.dummyfunction("""COMPUTED_VALUE"""),"I feel stuck") -> I feel stuck | H18: =IFERROR(__xludf.dummyfunction("""COMPUTED_VALUE"""),"Information about what I can do (including talks/demonstrations), Joining others with similar interests so we can create action together, Practical tasks or projects, Sharing my skills and knowledge with others, Setting up locally run projects or campaign"&"s, Attending protests") -> Information about what I can do (including talks/demonstrations), Joining others with similar interests so we can create action together, Practical tasks or projects, Sharing my skills and knowledge with others, Setting up locally run projects or campaigns, Attending protests | I18: =IFERROR(__xludf.dummyfunction("""COMPUTED_VALUE"""),"create a proper cycle connection between Twyford and Winchester; focus on getting community involved in climate transition with small projects to build community cohesion on climate") -> create a proper cycle connection between Twyford and Winchester; focus on getting community involved in climate transition with small projects to build community cohesion on climate | L18: =IFERROR(__xludf.dummyfunction("""COMPUTED_VALUE"""),"16-24") -> 16-24
A19: Digital | B19: =IFERROR(__xludf.dummyfunction("""COMPUTED_VALUE"""),46065.5095351852) -> 46065.51 | C19: =IFERROR(__xludf.dummyfunction("""COMPUTED_VALUE"""),"Individual") -> Individual | D19: =IFERROR(__xludf.dummyfunction("""COMPUTED_VALUE"""),5) -> 5 | E19: =IFERROR(__xludf.dummyfunction("""COMPUTED_VALUE"""),"The impact on my children and grandchildren, Floods and storms, Extreme heat/wildfires, Higher bills (higher prices of food, water, energy, etc.), Economic/political instability, Impacts of climate change on poorer communities elsewhere in the world, Clim"&"ate migration") -> The impact on my children and grandchildren, Floods and storms, Extreme heat/wildfires, Higher bills (higher prices of food, water, energy, etc.), Economic/political instability, Impacts of climate change on poorer communities elsewhere in the world, Climate migration | F19: =IFERROR(__xludf.dummyfunction("""COMPUTED_VALUE"""),"Nature friendly gardening (e.g. planting wildflowers, rewilding, using peat-free compost), Adopted a more climate-friendly diet (e.g. reduced meat consumption, buying local, buying food in season), Used lower carbon ways of travelling (e.g. walking, cycli"&"ng, public transport), Reused or repaired items, Composted or recycled waste") -> Nature friendly gardening (e.g. planting wildflowers, rewilding, using peat-free compost), Adopted a more climate-friendly diet (e.g. reduced meat consumption, buying local, buying food in season), Used lower carbon ways of travelling (e.g. walking, cycling, public transport), Reused or repaired items, Composted or recycled waste | G19: =IFERROR(__xludf.dummyfunction("""COMPUTED_VALUE"""),"I believe it's up to those in power to lead") -> I believe it's up to those in power to lead | H19: =IFERROR(__xludf.dummyfunction("""COMPUTED_VALUE"""),"Practical tasks or projects") -> Practical tasks or projects | I19: =IFERROR(__xludf.dummyfunction("""COMPUTED_VALUE"""),"An on-line means to list items for reuse. I know there is FB market place, but there are people like me who do not have a FB account - my way to reduce energy use!") -> An on-line means to list items for reuse. I know there is FB market place, but there are people like me who do not have a FB account - my way to reduce energy use! | J19: =IFERROR(__xludf.dummyfunction("""COMPUTED_VALUE"""),"Climate Action in Twyford (CAT)") -> Climate Action in Twyford (CAT) | L19: =IFERROR(__xludf.dummyfunction("""COMPUTED_VALUE"""),"Over 65") -> Over 65
A20: Digital | B20: =IFERROR(__xludf.dummyfunction("""COMPUTED_VALUE"""),46065.6389907639) -> 46065.639 | C20: =IFERROR(__xludf.dummyfunction("""COMPUTED_VALUE"""),"Individual") -> Individual | D20: =IFERROR(__xludf.dummyfunction("""COMPUTED_VALUE"""),5) -> 5 | E20: =IFERROR(__xludf.dummyfunction("""COMPUTED_VALUE"""),"The impact on my children and grandchildren, Loss of biodiversity, Floods and storms, Water shortages, Extreme heat/wildfires, Higher bills (higher prices of food, water, energy, etc.), Impacts of climate change on poorer communities elsewhere in the worl"&"d, People travelling by air and polution harming the environment!") -> The impact on my children and grandchildren, Loss of biodiversity, Floods and storms, Water shortages, Extreme heat/wildfires, Higher bills (higher prices of food, water, energy, etc.), Impacts of climate change on poorer communities elsewhere in the world, People travelling by air and polution harming the environment! | F20: =IFERROR(__xludf.dummyfunction("""COMPUTED_VALUE"""),"Nature friendly gardening (e.g. planting wildflowers, rewilding, using peat-free compost), Adopted a more climate-friendly diet (e.g. reduced meat consumption, buying local, buying food in season), Reduced my travel, Used lower carbon ways of travelling ("&"e.g. walking, cycling, public transport), Installed insulation, Reused or repaired items, Composted or recycled waste, Taken political action (e.g. written to MP, taken part in campaigns or protests), Joined a climate or environmental group, Talked to fri"&"ends and family about climate change or actions I've taken, Asking for popular bus route to be reinstated to reduce traffic in City.") -> Nature friendly gardening (e.g. planting wildflowers, rewilding, using peat-free compost), Adopted a more climate-friendly diet (e.g. reduced meat consumption, buying local, buying food in season), Reduced my travel, Used lower carbon ways of travelling (e.g. walking, cycling, public transport), Installed insulation, Reused or repaired items, Composted or recycled waste, Taken political action (e.g. written to MP, taken part in campaigns or protests), Joined a climate or environmental group, Talked to friends and family about climate change or actions I've taken, Asking for popular bus route to be reinstated to reduce traffic in City. | G20: =IFERROR(__xludf.dummyfunction("""COMPUTED_VALUE"""),"I don't have the money, I don't have the time, Talking to people about the choices they make. Looking at alternatives") -> I don't have the money, I don't have the time, Talking to people about the choices they make. Looking at alternatives | H20: =IFERROR(__xludf.dummyfunction("""COMPUTED_VALUE"""),"Information about what I can do (including talks/demonstrations), Practical tasks or projects, Sharing my skills and knowledge with others, Education on climate change for children and adults") -> Information about what I can do (including talks/demonstrations), Practical tasks or projects, Sharing my skills and knowledge with others, Education on climate change for children and adults | I20: =IFERROR(__xludf.dummyfunction("""COMPUTED_VALUE""")," Limit travel and reduce pollution. Keep gardens and open spaces green.") -> Limit travel and reduce pollution. Keep gardens and open spaces green. | K20: =IFERROR(__xludf.dummyfunction("""COMPUTED_VALUE""")," Joined up thinking about the environment. Taking care of green spaces. Fly tipping and litter") -> Joined up thinking about the environment. Taking care of green spaces. Fly tipping and litter | L20: =IFERROR(__xludf.dummyfunction("""COMPUTED_VALUE"""),"Over 65") -> Over 65
A21: Digital | B21: =IFERROR(__xludf.dummyfunction("""COMPUTED_VALUE"""),46066.4139584491) -> 46066.414 | C21: =IFERROR(__xludf.dummyfunction("""COMPUTED_VALUE"""),"Household") -> Household | D21: =IFERROR(__xludf.dummyfunction("""COMPUTED_VALUE"""),3) -> 3 | E21: =IFERROR(__xludf.dummyfunction("""COMPUTED_VALUE"""),"The impact on my children and grandchildren, Higher bills (higher prices of food, water, energy, etc.), Economic/political instability") -> The impact on my children and grandchildren, Higher bills (higher prices of food, water, energy, etc.), Economic/political instability | F21: =IFERROR(__xludf.dummyfunction("""COMPUTED_VALUE"""),"Hired or borrowed items instead of buying, Reused or repaired items") -> Hired or borrowed items instead of buying, Reused or repaired items | G21: =IFERROR(__xludf.dummyfunction("""COMPUTED_VALUE"""),"I don't have the time, I believe it's up to those in power to lead") -> I don't have the time, I believe it's up to those in power to lead | H21: =IFERROR(__xludf.dummyfunction("""COMPUTED_VALUE"""),"Opportunities to talk about my feelings about climate change, Practical tasks or projects") -> Opportunities to talk about my feelings about climate change, Practical tasks or projects | L21: =IFERROR(__xludf.dummyfunction("""COMPUTED_VALUE"""),"35-44") -> 35-44
A22: Digital | B22: =IFERROR(__xludf.dummyfunction("""COMPUTED_VALUE"""),46068.6119536574) -> 46068.612 | C22: =IFERROR(__xludf.dummyfunction("""COMPUTED_VALUE"""),"Individual") -> Individual | D22: =IFERROR(__xludf.dummyfunction("""COMPUTED_VALUE"""),5) -> 5 | E22: =IFERROR(__xludf.dummyfunction("""COMPUTED_VALUE"""),"Loss of biodiversity, Floods and storms, Water shortages, Extreme heat/wildfires, Higher bills (higher prices of food, water, energy, etc.), Economic/political instability, Impacts of climate change on poorer communities elsewhere in the world") -> Loss of biodiversity, Floods and storms, Water shortages, Extreme heat/wildfires, Higher bills (higher prices of food, water, energy, etc.), Economic/political instability, Impacts of climate change on poorer communities elsewhere in the world | F22: =IFERROR(__xludf.dummyfunction("""COMPUTED_VALUE"""),"Nature friendly gardening (e.g. planting wildflowers, rewilding, using peat-free compost), Adopted a more climate-friendly diet (e.g. reduced meat consumption, buying local, buying food in season), Reduced my travel, Used lower carbon ways of travelling ("&"e.g. walking, cycling, public transport), Reduced my energy use, Installed a greener heating system, Hired or borrowed items instead of buying, Reused or repaired items, Composted or recycled waste, Reduced water use (e.g. install water butts, shorter sho"&"wers), Moved my money to sustainable banks or invested in sustainable funds, Taken political action (e.g. written to MP, taken part in campaigns or protests), Joined a climate or environmental group, Talked to friends and family about climate change or ac"&"tions I've taken") -> Nature friendly gardening (e.g. planting wildflowers, rewilding, using peat-free compost), Adopted a more climate-friendly diet (e.g. reduced meat consumption, buying local, buying food in season), Reduced my travel, Used lower carbon ways of travelling (e.g. walking, cycling, public transport), Reduced my energy use, Installed a greener heating system, Hired or borrowed items instead of buying, Reused or repaired items, Composted or recycled waste, Reduced water use (e.g. install water butts, shorter showers), Moved my money to sustainable banks or invested in sustainable funds, Taken political action (e.g. written to MP, taken part in campaigns or protests), Joined a climate or environmental group, Talked to friends and family about climate change or actions I've taken | G22: =IFERROR(__xludf.dummyfunction("""COMPUTED_VALUE"""),"I don't have the time") -> I don't have the time | H22: =IFERROR(__xludf.dummyfunction("""COMPUTED_VALUE"""),"Information about what I can do (including talks/demonstrations), Practical tasks or projects, Attending protests") -> Information about what I can do (including talks/demonstrations), Practical tasks or projects, Attending protests | I22: =IFERROR(__xludf.dummyfunction("""COMPUTED_VALUE"""),"Reduce heavy goods traffic through the village, reduced the speed.limit and campaign for a better bus and train service. ") -> Reduce heavy goods traffic through the village, reduced the speed.limit and campaign for a better bus and train service. | L22: =IFERROR(__xludf.dummyfunction("""COMPUTED_VALUE"""),"45-54") -> 45-54
A23: Digital | B23: =IFERROR(__xludf.dummyfunction("""COMPUTED_VALUE"""),46072.5714138773) -> 46072.571 | C23: =IFERROR(__xludf.dummyfunction("""COMPUTED_VALUE"""),"Individual") -> Individual | D23: =IFERROR(__xludf.dummyfunction("""COMPUTED_VALUE"""),4) -> 4 | E23: =IFERROR(__xludf.dummyfunction("""COMPUTED_VALUE"""),"The impact on my children and grandchildren, Loss of biodiversity, Impacts of climate change on poorer communities elsewhere in the world") -> The impact on my children and grandchildren, Loss of biodiversity, Impacts of climate change on poorer communities elsewhere in the world | F23: =IFERROR(__xludf.dummyfunction("""COMPUTED_VALUE"""),"Adopted a more climate-friendly diet (e.g. reduced meat consumption, buying local, buying food in season), Reduced my travel, Used lower carbon ways of travelling (e.g. walking, cycling, public transport), Reduced my energy use, Hired or borrowed items in"&"stead of buying, Composted or recycled waste, Reduced water use (e.g. install water butts, shorter showers), Talked to friends and family about climate change or actions I've taken") -> Adopted a more climate-friendly diet (e.g. reduced meat consumption, buying local, buying food in season), Reduced my travel, Used lower carbon ways of travelling (e.g. walking, cycling, public transport), Reduced my energy use, Hired or borrowed items instead of buying, Composted or recycled waste, Reduced water use (e.g. install water butts, shorter showers), Talked to friends and family about climate change or actions I've taken | G23: =IFERROR(__xludf.dummyfunction("""COMPUTED_VALUE"""),"I don't have the money") -> I don't have the money | H23: =IFERROR(__xludf.dummyfunction("""COMPUTED_VALUE"""),"Information about what I can do (including talks/demonstrations)") -> Information about what I can do (including talks/demonstrations) | I23: =IFERROR(__xludf.dummyfunction("""COMPUTED_VALUE"""),"Educating people on what they can do ") -> Educating people on what they can do | L23: =IFERROR(__xludf.dummyfunction("""COMPUTED_VALUE"""),"55-64") -> 55-64
A24: Digital | B24: =IFERROR(__xludf.dummyfunction("""COMPUTED_VALUE"""),46082.538905463) -> 46082.539 | C24: =IFERROR(__xludf.dummyfunction("""COMPUTED_VALUE"""),"Individual") -> Individual | D24: =IFERROR(__xludf.dummyfunction("""COMPUTED_VALUE"""),3) -> 3 | E24: =IFERROR(__xludf.dummyfunction("""COMPUTED_VALUE"""),"Loss of biodiversity, Higher bills (higher prices of food, water, energy, etc.), Impacts of climate change on poorer communities elsewhere in the world") -> Loss of biodiversity, Higher bills (higher prices of food, water, energy, etc.), Impacts of climate change on poorer communities elsewhere in the world | F24: =IFERROR(__xludf.dummyfunction("""COMPUTED_VALUE"""),"Nature friendly gardening (e.g. planting wildflowers, rewilding, using peat-free compost), Used lower carbon ways of travelling (e.g. walking, cycling, public transport), Reduced my energy use, Installed insulation, Hired or borrowed items instead of buyi"&"ng, Reused or repaired items, Composted or recycled waste, Reduced water use (e.g. install water butts, shorter showers)") -> Nature friendly gardening (e.g. planting wildflowers, rewilding, using peat-free compost), Used lower carbon ways of travelling (e.g. walking, cycling, public transport), Reduced my energy use, Installed insulation, Hired or borrowed items instead of buying, Reused or repaired items, Composted or recycled waste, Reduced water use (e.g. install water butts, shorter showers) | G24: =IFERROR(__xludf.dummyfunction("""COMPUTED_VALUE"""),"I don't know what I can do, I don't believe I can have an impact") -> I don't know what I can do, I don't believe I can have an impact | H24: =IFERROR(__xludf.dummyfunction("""COMPUTED_VALUE"""),"Information about what I can do (including talks/demonstrations), Practical tasks or projects, Setting up locally run projects or campaigns") -> Information about what I can do (including talks/demonstrations), Practical tasks or projects, Setting up locally run projects or campaigns | I24: =IFERROR(__xludf.dummyfunction("""COMPUTED_VALUE"""),"Take some ownership instead of saying 'why haven't they done something' ....whoever they might be !") -> Take some ownership instead of saying 'why haven't they done something' ....whoever they might be ! | L24: =IFERROR(__xludf.dummyfunction("""COMPUTED_VALUE"""),"55-64") -> 55-64
A25: Digital | B25: =IFERROR(__xludf.dummyfunction("""COMPUTED_VALUE"""),46082.5502379745) -> 46082.55 | C25: =IFERROR(__xludf.dummyfunction("""COMPUTED_VALUE"""),"Household") -> Household | D25: =IFERROR(__xludf.dummyfunction("""COMPUTED_VALUE"""),5) -> 5 | E25: =IFERROR(__xludf.dummyfunction("""COMPUTED_VALUE"""),"Floods and storms, Economic/political instability, Impacts of climate change on poorer communities elsewhere in the world") -> Floods and storms, Economic/political instability, Impacts of climate change on poorer communities elsewhere in the world | F25: =IFERROR(__xludf.dummyfunction("""COMPUTED_VALUE"""),"Nature friendly gardening (e.g. planting wildflowers, rewilding, using peat-free compost), Adopted a more climate-friendly diet (e.g. reduced meat consumption, buying local, buying food in season), Used lower carbon ways of travelling (e.g. walking, cycli"&"ng, public transport), Invested in an electric/hybrid car, Reduced my energy use, Installed insulation, Installed a greener heating system, Hired or borrowed items instead of buying, Reused or repaired items, Composted or recycled waste, Reduced flood ris"&"k by replacing solid surfaces with permeable surfaces, Reduced water use (e.g. install water butts, shorter showers), Taken political action (e.g. written to MP, taken part in campaigns or protests), Joined a climate or environmental group, Talked to frie"&"nds and family about climate change or actions I've taken, Fitred an air source heat pump 5 years ago. ") -> Nature friendly gardening (e.g. planting wildflowers, rewilding, using peat-free compost), Adopted a more climate-friendly diet (e.g. reduced meat consumption, buying local, buying food in season), Used lower carbon ways of travelling (e.g. walking, cycling, public transport), Invested in an electric/hybrid car, Reduced my energy use, Installed insulation, Installed a greener heating system, Hired or borrowed items instead of buying, Reused or repaired items, Composted or recycled waste, Reduced flood risk by replacing solid surfaces with permeable surfaces, Reduced water use (e.g. install water butts, shorter showers), Taken political action (e.g. written to MP, taken part in campaigns or protests), Joined a climate or environmental group, Talked to friends and family about climate change or actions I've taken, Fitred an air source heat pump 5 years ago. | G25: =IFERROR(__xludf.dummyfunction("""COMPUTED_VALUE"""),"I feel stuck, Climate change deniers in power. Trump terrifies me. Climate ") -> I feel stuck, Climate change deniers in power. Trump terrifies me. Climate | H25: =IFERROR(__xludf.dummyfunction("""COMPUTED_VALUE"""),"Practical tasks or projects") -> Practical tasks or projects | I25: =IFERROR(__xludf.dummyfunction("""COMPUTED_VALUE"""),"Not sure") -> Not sure | L25: =IFERROR(__xludf.dummyfunction("""COMPUTED_VALUE"""),"45-54") -> 45-54
A26: Digital | B26: =IFERROR(__xludf.dummyfunction("""COMPUTED_VALUE"""),46082.5886515046) -> 46082.589 | C26: =IFERROR(__xludf.dummyfunction("""COMPUTED_VALUE"""),"Individual") -> Individual | D26: =IFERROR(__xludf.dummyfunction("""COMPUTED_VALUE"""),4) -> 4 | E26: =IFERROR(__xludf.dummyfunction("""COMPUTED_VALUE"""),"Loss of biodiversity, Economic/political instability, Impacts of climate change on poorer communities elsewhere in the world") -> Loss of biodiversity, Economic/political instability, Impacts of climate change on poorer communities elsewhere in the world | F26: =IFERROR(__xludf.dummyfunction("""COMPUTED_VALUE"""),"Nature friendly gardening (e.g. planting wildflowers, rewilding, using peat-free compost), Used lower carbon ways of travelling (e.g. walking, cycling, public transport), Reused or repaired items, Taken political action (e.g. written to MP, taken part in "&"campaigns or protests)") -> Nature friendly gardening (e.g. planting wildflowers, rewilding, using peat-free compost), Used lower carbon ways of travelling (e.g. walking, cycling, public transport), Reused or repaired items, Taken political action (e.g. written to MP, taken part in campaigns or protests) | G26: =IFERROR(__xludf.dummyfunction("""COMPUTED_VALUE"""),"I don't have the money") -> I don't have the money | H26: =IFERROR(__xludf.dummyfunction("""COMPUTED_VALUE"""),"None of the above") -> None of the above | I26: =IFERROR(__xludf.dummyfunction("""COMPUTED_VALUE"""),"Stop mowing the churchyard into oblivion. Once a year is best.") -> Stop mowing the churchyard into oblivion. Once a year is best. | J26: =IFERROR(__xludf.dummyfunction("""COMPUTED_VALUE"""),"Twyford EcoSystems Group") -> Twyford EcoSystems Group | K26: =IFERROR(__xludf.dummyfunction("""COMPUTED_VALUE"""),"Move away from climate to preserving biodiversity: stop using pesticides, herbicides and topical pesticides on pets.") -> Move away from climate to preserving biodiversity: stop using pesticides, herbicides and topical pesticides on pets. | L26: =IFERROR(__xludf.dummyfunction("""COMPUTED_VALUE"""),"45-54") -> 45-54
A27: Digital | B27: =IFERROR(__xludf.dummyfunction("""COMPUTED_VALUE"""),46082.593755625) -> 46082.594 | C27: =IFERROR(__xludf.dummyfunction("""COMPUTED_VALUE"""),"Household") -> Household | D27: =IFERROR(__xludf.dummyfunction("""COMPUTED_VALUE"""),5) -> 5 | E27: =IFERROR(__xludf.dummyfunction("""COMPUTED_VALUE"""),"The impact on my children and grandchildren, Loss of biodiversity, Floods and storms, Water shortages, Extreme heat/wildfires, Higher bills (higher prices of food, water, energy, etc.), Economic/political instability") -> The impact on my children and grandchildren, Loss of biodiversity, Floods and storms, Water shortages, Extreme heat/wildfires, Higher bills (higher prices of food, water, energy, etc.), Economic/political instability | F27: =IFERROR(__xludf.dummyfunction("""COMPUTED_VALUE"""),"Nature friendly gardening (e.g. planting wildflowers, rewilding, using peat-free compost), Reused or repaired items, Composted or recycled waste, Talked to friends and family about climate change or actions I've taken") -> Nature friendly gardening (e.g. planting wildflowers, rewilding, using peat-free compost), Reused or repaired items, Composted or recycled waste, Talked to friends and family about climate change or actions I've taken | G27: =IFERROR(__xludf.dummyfunction("""COMPUTED_VALUE"""),"I don't believe I can have an impact, I feel stuck") -> I don't believe I can have an impact, I feel stuck | H27: =IFERROR(__xludf.dummyfunction("""COMPUTED_VALUE"""),"Information about what I can do (including talks/demonstrations), Practical tasks or projects, Setting up locally run projects or campaigns") -> Information about what I can do (including talks/demonstrations), Practical tasks or projects, Setting up locally run projects or campaigns | L27: =IFERROR(__xludf.dummyfunction("""COMPUTED_VALUE"""),"45-54") -> 45-54
A28: Digital | B28: =IFERROR(__xludf.dummyfunction("""COMPUTED_VALUE"""),46082.6097301389) -> 46082.61 | C28: =IFERROR(__xludf.dummyfunction("""COMPUTED_VALUE"""),"Individual") -> Individual | D28: =IFERROR(__xludf.dummyfunction("""COMPUTED_VALUE"""),3) -> 3 | E28: =IFERROR(__xludf.dummyfunction("""COMPUTED_VALUE"""),"The impact on my children and grandchildren, Loss of biodiversity, Floods and storms, Water shortages, Extreme heat/wildfires") -> The impact on my children and grandchildren, Loss of biodiversity, Floods and storms, Water shortages, Extreme heat/wildfires | F28: =IFERROR(__xludf.dummyfunction("""COMPUTED_VALUE"""),"Nature friendly gardening (e.g. planting wildflowers, rewilding, using peat-free compost), Adopted a more climate-friendly diet (e.g. reduced meat consumption, buying local, buying food in season), Used lower carbon ways of travelling (e.g. walking, cycli"&"ng, public transport), Invested in an electric/hybrid car, Reused or repaired items, Composted or recycled waste") -> Nature friendly gardening (e.g. planting wildflowers, rewilding, using peat-free compost), Adopted a more climate-friendly diet (e.g. reduced meat consumption, buying local, buying food in season), Used lower carbon ways of travelling (e.g. walking, cycling, public transport), Invested in an electric/hybrid car, Reused or repaired items, Composted or recycled waste | G28: =IFERROR(__xludf.dummyfunction("""COMPUTED_VALUE"""),"I don't believe I can have an impact") -> I don't believe I can have an impact | H28: =IFERROR(__xludf.dummyfunction("""COMPUTED_VALUE"""),"Practical tasks or projects") -> Practical tasks or projects | I28: =IFERROR(__xludf.dummyfunction("""COMPUTED_VALUE"""),"Continue to campaign for bus routes to be reinstated. Repair cafe. Group for borrowing/lending items only needed once or occasionally ") -> Continue to campaign for bus routes to be reinstated. Repair cafe. Group for borrowing/lending items only needed once or occasionally | J28: =IFERROR(__xludf.dummyfunction("""COMPUTED_VALUE"""),"Twyford Climate Action") -> Twyford Climate Action | L28: =IFERROR(__xludf.dummyfunction("""COMPUTED_VALUE"""),"55-64") -> 55-64
A29: Digital | B29: =IFERROR(__xludf.dummyfunction("""COMPUTED_VALUE"""),46082.8527552894) -> 46082.853 | C29: =IFERROR(__xludf.dummyfunction("""COMPUTED_VALUE"""),"Household") -> Household | D29: =IFERROR(__xludf.dummyfunction("""COMPUTED_VALUE"""),5) -> 5 | E29: =IFERROR(__xludf.dummyfunction("""COMPUTED_VALUE"""),"Loss of biodiversity, Floods and storms, Impacts of climate change on poorer communities elsewhere in the world, Climate migration") -> Loss of biodiversity, Floods and storms, Impacts of climate change on poorer communities elsewhere in the world, Climate migration | F29: =IFERROR(__xludf.dummyfunction("""COMPUTED_VALUE"""),"Adopted a more climate-friendly diet (e.g. reduced meat consumption, buying local, buying food in season), Used lower carbon ways of travelling (e.g. walking, cycling, public transport), Reduced my energy use, Hired or borrowed items instead of buying, Re"&"used or repaired items, Composted or recycled waste, Reduced water use (e.g. install water butts, shorter showers)") -> Adopted a more climate-friendly diet (e.g. reduced meat consumption, buying local, buying food in season), Used lower carbon ways of travelling (e.g. walking, cycling, public transport), Reduced my energy use, Hired or borrowed items instead of buying, Reused or repaired items, Composted or recycled waste, Reduced water use (e.g. install water butts, shorter showers) | G29: =IFERROR(__xludf.dummyfunction("""COMPUTED_VALUE"""),"I don't know what I can do, I don't have the money, I don't have the time, I believe it's up to those in power to lead") -> I don't know what I can do, I don't have the money, I don't have the time, I believe it's up to those in power to lead | H29: =IFERROR(__xludf.dummyfunction("""COMPUTED_VALUE"""),"Information about what I can do (including talks/demonstrations), Practical tasks or projects, Setting up locally run projects or campaigns") -> Information about what I can do (including talks/demonstrations), Practical tasks or projects, Setting up locally run projects or campaigns | I29: =IFERROR(__xludf.dummyfunction("""COMPUTED_VALUE"""),"Re wilding areas of the village and solar panels for energy ") -> Re wilding areas of the village and solar panels for energy | J29: =IFERROR(__xludf.dummyfunction("""COMPUTED_VALUE"""),"Climate cohort ") -> Climate cohort | L29: =IFERROR(__xludf.dummyfunction("""COMPUTED_VALUE"""),"35-44") -> 35-44
A30: Digital | B30: =IFERROR(__xludf.dummyfunction("""COMPUTED_VALUE"""),46082.8629473727) -> 46082.863 | C30: =IFERROR(__xludf.dummyfunction("""COMPUTED_VALUE"""),"Household") -> Household | D30: =IFERROR(__xludf.dummyfunction("""COMPUTED_VALUE"""),5) -> 5 | E30: =IFERROR(__xludf.dummyfunction("""COMPUTED_VALUE"""),"Loss of biodiversity, Floods and storms, Higher bills (higher prices of food, water, energy, etc.)") -> Loss of biodiversity, Floods and storms, Higher bills (higher prices of food, water, energy, etc.) | F30: =IFERROR(__xludf.dummyfunction("""COMPUTED_VALUE"""),"Nature friendly gardening (e.g. planting wildflowers, rewilding, using peat-free compost), Adopted a more climate-friendly diet (e.g. reduced meat consumption, buying local, buying food in season), Hired or borrowed items instead of buying, Reused or repa"&"ired items, Composted or recycled waste, Reduced water use (e.g. install water butts, shorter showers)") -> Nature friendly gardening (e.g. planting wildflowers, rewilding, using peat-free compost), Adopted a more climate-friendly diet (e.g. reduced meat consumption, buying local, buying food in season), Hired or borrowed items instead of buying, Reused or repaired items, Composted or recycled waste, Reduced water use (e.g. install water butts, shorter showers) | G30: =IFERROR(__xludf.dummyfunction("""COMPUTED_VALUE"""),"I don't have the time") -> I don't have the time | H30: =IFERROR(__xludf.dummyfunction("""COMPUTED_VALUE"""),"Joining others with similar interests so we can create action together, Opportunities to talk about my feelings about climate change") -> Joining others with similar interests so we can create action together, Opportunities to talk about my feelings about climate change | L30: =IFERROR(__xludf.dummyfunction("""COMPUTED_VALUE"""),"45-54") -> 45-54
A31: Digital | B31: =IFERROR(__xludf.dummyfunction("""COMPUTED_VALUE"""),46084.3588605093) -> 46084.359 | C31: =IFERROR(__xludf.dummyfunction("""COMPUTED_VALUE"""),"Household") -> Household | D31: =IFERROR(__xludf.dummyfunction("""COMPUTED_VALUE"""),4) -> 4 | E31: =IFERROR(__xludf.dummyfunction("""COMPUTED_VALUE"""),"Loss of biodiversity, Water shortages, Extreme heat/wildfires") -> Loss of biodiversity, Water shortages, Extreme heat/wildfires | F31: =IFERROR(__xludf.dummyfunction("""COMPUTED_VALUE"""),"Nature friendly gardening (e.g. planting wildflowers, rewilding, using peat-free compost), Adopted a more climate-friendly diet (e.g. reduced meat consumption, buying local, buying food in season), Reduced my travel, Reduced my energy use, Reused or repai"&"red items, Composted or recycled waste, Reduced flood risk by replacing solid surfaces with permeable surfaces, Reduced water use (e.g. install water butts, shorter showers), Reduced heat risk (e.g. additional planting, shading around my property), Taken "&"political action (e.g. written to MP, taken part in campaigns or protests), Joined a climate or environmental group, Talked to friends and family about climate change or actions I've taken, Work in conservation, dedicated my life to a more sustainable fut"&"ure") -> Nature friendly gardening (e.g. planting wildflowers, rewilding, using peat-free compost), Adopted a more climate-friendly diet (e.g. reduced meat consumption, buying local, buying food in season), Reduced my travel, Reduced my energy use, Reused or repaired items, Composted or recycled waste, Reduced flood risk by replacing solid surfaces with permeable surfaces, Reduced water use (e.g. install water butts, shorter showers), Reduced heat risk (e.g. additional planting, shading around my property), Taken political action (e.g. written to MP, taken part in campaigns or protests), Joined a climate or environmental group, Talked to friends and family about climate change or actions I've taken, Work in conservation, dedicated my life to a more sustainable future | G31: =IFERROR(__xludf.dummyfunction("""COMPUTED_VALUE"""),"I don't have the money, We are in 100 year old house that cannot have cavity insulation. Bad designed house") -> I don't have the money, We are in 100 year old house that cannot have cavity insulation. Bad designed house | H31: =IFERROR(__xludf.dummyfunction("""COMPUTED_VALUE"""),"Information about what I can do (including talks/demonstrations), Joining others with similar interests so we can create action together, Practical tasks or projects, Sharing my skills and knowledge with others, Attending protests") -> Information about what I can do (including talks/demonstrations), Joining others with similar interests so we can create action together, Practical tasks or projects, Sharing my skills and knowledge with others, Attending protests | I31: =IFERROR(__xludf.dummyfunction("""COMPUTED_VALUE"""),"Keep on what your doing, keeping development to a minimum. Encourage green spaces within village ") -> Keep on what your doing, keeping development to a minimum. Encourage green spaces within village | K31: =IFERROR(__xludf.dummyfunction("""COMPUTED_VALUE"""),"I have 30+ years in horticulture including conservation and ecology and qualified in garden design. I can help with practical solutions, advice and physical work. ") -> I have 30+ years in horticulture including conservation and ecology and qualified in garden design. I can help with practical solutions, advice and physical work. | L31: =IFERROR(__xludf.dummyfunction("""COMPUTED_VALUE"""),"45-54") -> 45-54
A32: Digital | B32: =IFERROR(__xludf.dummyfunction("""COMPUTED_VALUE"""),46149.7865299884) -> 46149.787 | C32: =IFERROR(__xludf.dummyfunction("""COMPUTED_VALUE"""),"Household") -> Household | D32: =IFERROR(__xludf.dummyfunction("""COMPUTED_VALUE"""),5) -> 5 | E32: =IFERROR(__xludf.dummyfunction("""COMPUTED_VALUE"""),"The impact on my children and grandchildren, Loss of biodiversity, Floods and storms, Water shortages, Extreme heat/wildfires, Higher bills (higher prices of food, water, energy, etc.), Economic/political instability, Impacts of climate change on poorer c"&"ommunities elsewhere in the world, Climate migration") -> The impact on my children and grandchildren, Loss of biodiversity, Floods and storms, Water shortages, Extreme heat/wildfires, Higher bills (higher prices of food, water, energy, etc.), Economic/political instability, Impacts of climate change on poorer communities elsewhere in the world, Climate migration | F32: =IFERROR(__xludf.dummyfunction("""COMPUTED_VALUE"""),"Nature friendly gardening (e.g. planting wildflowers, rewilding, using peat-free compost), Adopted a more climate-friendly diet (e.g. reduced meat consumption, buying local, buying food in season), Reduced my travel, Used lower carbon ways of travelling ("&"e.g. walking, cycling, public transport), Reused or repaired items, Composted or recycled waste, Reduced water use (e.g. install water butts, shorter showers), Reduced heat risk (e.g. additional planting, shading around my property), Taken political actio"&"n (e.g. written to MP, taken part in campaigns or protests), Talked to friends and family about climate change or actions I've taken") -> Nature friendly gardening (e.g. planting wildflowers, rewilding, using peat-free compost), Adopted a more climate-friendly diet (e.g. reduced meat consumption, buying local, buying food in season), Reduced my travel, Used lower carbon ways of travelling (e.g. walking, cycling, public transport), Reused or repaired items, Composted or recycled waste, Reduced water use (e.g. install water butts, shorter showers), Reduced heat risk (e.g. additional planting, shading around my property), Taken political action (e.g. written to MP, taken part in campaigns or protests), Talked to friends and family about climate change or actions I've taken | G32: =IFERROR(__xludf.dummyfunction("""COMPUTED_VALUE"""),"I don't have the money, I don't have the time, I don't believe I can have an impact, I believe it's up to those in power to lead") -> I don't have the money, I don't have the time, I don't believe I can have an impact, I believe it's up to those in power to lead | H32: =IFERROR(__xludf.dummyfunction("""COMPUTED_VALUE"""),"Practical tasks or projects, Setting up locally run projects or campaigns") -> Practical tasks or projects, Setting up locally run projects or campaigns | L32: =IFERROR(__xludf.dummyfunction("""COMPUTED_VALUE"""),"45-54") -> 45-54
A33: Digital | B33: =IFERROR(__xludf.dummyfunction("""COMPUTED_VALUE"""),46149.7872357986) -> 46149.787 | C33: =IFERROR(__xludf.dummyfunction("""COMPUTED_VALUE"""),"Household") -> Household | D33: =IFERROR(__xludf.dummyfunction("""COMPUTED_VALUE"""),4) -> 4 | E33: =IFERROR(__xludf.dummyfunction("""COMPUTED_VALUE"""),"The impact on my children and grandchildren, Floods and storms, Higher bills (higher prices of food, water, energy, etc.), Economic/political instability") -> The impact on my children and grandchildren, Floods and storms, Higher bills (higher prices of food, water, energy, etc.), Economic/political instability | F33: =IFERROR(__xludf.dummyfunction("""COMPUTED_VALUE"""),"Used lower carbon ways of travelling (e.g. walking, cycling, public transport), Hired or borrowed items instead of buying, Reused or repaired items, Composted or recycled waste") -> Used lower carbon ways of travelling (e.g. walking, cycling, public transport), Hired or borrowed items instead of buying, Reused or repaired items, Composted or recycled waste | G33: =IFERROR(__xludf.dummyfunction("""COMPUTED_VALUE"""),"I don't know what I can do, I don't have the money") -> I don't know what I can do, I don't have the money | H33: =IFERROR(__xludf.dummyfunction("""COMPUTED_VALUE"""),"Information about what I can do (including talks/demonstrations), Practical tasks or projects") -> Information about what I can do (including talks/demonstrations), Practical tasks or projects | L33: =IFERROR(__xludf.dummyfunction("""COMPUTED_VALUE"""),"35-44") -> 35-44
A34: Digital | B34: =IFERROR(__xludf.dummyfunction("""COMPUTED_VALUE"""),46149.7888125579) -> 46149.789 | C34: =IFERROR(__xludf.dummyfunction("""COMPUTED_VALUE"""),"Individual") -> Individual | D34: =IFERROR(__xludf.dummyfunction("""COMPUTED_VALUE"""),5) -> 5 | E34: =IFERROR(__xludf.dummyfunction("""COMPUTED_VALUE"""),"Loss of biodiversity, Floods and storms, Water shortages, Economic/political instability, Impacts of climate change on poorer communities elsewhere in the world, Climate migration") -> Loss of biodiversity, Floods and storms, Water shortages, Economic/political instability, Impacts of climate change on poorer communities elsewhere in the world, Climate migration | F34: =IFERROR(__xludf.dummyfunction("""COMPUTED_VALUE"""),"Nature friendly gardening (e.g. planting wildflowers, rewilding, using peat-free compost), Composted or recycled waste") -> Nature friendly gardening (e.g. planting wildflowers, rewilding, using peat-free compost), Composted or recycled waste | G34: =IFERROR(__xludf.dummyfunction("""COMPUTED_VALUE"""),"I don't believe I can have an impact, I don't like thinking about climate change, I feel stuck") -> I don't believe I can have an impact, I don't like thinking about climate change, I feel stuck | H34: =IFERROR(__xludf.dummyfunction("""COMPUTED_VALUE"""),"None of the above") -> None of the above | I34: =IFERROR(__xludf.dummyfunction("""COMPUTED_VALUE"""),"Create a system for sharing travel - look into using BlaBlaCar. It would obviously require a lot of people to make it effective . ") -> Create a system for sharing travel - look into using BlaBlaCar. It would obviously require a lot of people to make it effective . | L34: =IFERROR(__xludf.dummyfunction("""COMPUTED_VALUE"""),"55-64") -> 55-64
A35: Digital | B35: =IFERROR(__xludf.dummyfunction("""COMPUTED_VALUE"""),46149.8516719329) -> 46149.852 | C35: =IFERROR(__xludf.dummyfunction("""COMPUTED_VALUE"""),"Household") -> Household | D35: =IFERROR(__xludf.dummyfunction("""COMPUTED_VALUE"""),4) -> 4 | E35: =IFERROR(__xludf.dummyfunction("""COMPUTED_VALUE"""),"The impact on my children and grandchildren") -> The impact on my children and grandchildren | F35: =IFERROR(__xludf.dummyfunction("""COMPUTED_VALUE"""),"Adopted a more climate-friendly diet (e.g. reduced meat consumption, buying local, buying food in season), Reduced my travel, Used lower carbon ways of travelling (e.g. walking, cycling, public transport), Invested in an electric/hybrid car, Reduced my en"&"ergy use, Hired or borrowed items instead of buying, Reused or repaired items, Composted or recycled waste") -> Adopted a more climate-friendly diet (e.g. reduced meat consumption, buying local, buying food in season), Reduced my travel, Used lower carbon ways of travelling (e.g. walking, cycling, public transport), Invested in an electric/hybrid car, Reduced my energy use, Hired or borrowed items instead of buying, Reused or repaired items, Composted or recycled waste | G35: =IFERROR(__xludf.dummyfunction("""COMPUTED_VALUE"""),"I don't know what I can do, I don't have the time") -> I don't know what I can do, I don't have the time | H35: =IFERROR(__xludf.dummyfunction("""COMPUTED_VALUE"""),"Information about what I can do (including talks/demonstrations)") -> Information about what I can do (including talks/demonstrations) | I35: =IFERROR(__xludf.dummyfunction("""COMPUTED_VALUE"""),"Campaign for the bike lane ") -> Campaign for the bike lane | L35: =IFERROR(__xludf.dummyfunction("""COMPUTED_VALUE"""),"35-44") -> 35-44
A36: Digital | B36: =IFERROR(__xludf.dummyfunction("""COMPUTED_VALUE"""),46149.8621836111) -> 46149.862 | C36: =IFERROR(__xludf.dummyfunction("""COMPUTED_VALUE"""),"Household") -> Household | D36: =IFERROR(__xludf.dummyfunction("""COMPUTED_VALUE"""),5) -> 5 | E36: =IFERROR(__xludf.dummyfunction("""COMPUTED_VALUE"""),"The impact on my children and grandchildren, Floods and storms, Water shortages, Extreme heat/wildfires, Higher bills (higher prices of food, water, energy, etc.), Economic/political instability") -> The impact on my children and grandchildren, Floods and storms, Water shortages, Extreme heat/wildfires, Higher bills (higher prices of food, water, energy, etc.), Economic/political instability | F36: =IFERROR(__xludf.dummyfunction("""COMPUTED_VALUE"""),"Nature friendly gardening (e.g. planting wildflowers, rewilding, using peat-free compost), Adopted a more climate-friendly diet (e.g. reduced meat consumption, buying local, buying food in season), Reduced my travel, Used lower carbon ways of travelling ("&"e.g. walking, cycling, public transport), Invested in an electric/hybrid car, Hired or borrowed items instead of buying, Reused or repaired items, Composted or recycled waste, Reduced water use (e.g. install water butts, shorter showers), Talked to friend"&"s and family about climate change or actions I've taken") -> Nature friendly gardening (e.g. planting wildflowers, rewilding, using peat-free compost), Adopted a more climate-friendly diet (e.g. reduced meat consumption, buying local, buying food in season), Reduced my travel, Used lower carbon ways of travelling (e.g. walking, cycling, public transport), Invested in an electric/hybrid car, Hired or borrowed items instead of buying, Reused or repaired items, Composted or recycled waste, Reduced water use (e.g. install water butts, shorter showers), Talked to friends and family about climate change or actions I've taken | G36: =IFERROR(__xludf.dummyfunction("""COMPUTED_VALUE"""),"I don't have the time, I feel stuck") -> I don't have the time, I feel stuck | H36: =IFERROR(__xludf.dummyfunction("""COMPUTED_VALUE"""),"Information about what I can do (including talks/demonstrations), Joining others with similar interests so we can create action together, Opportunities to talk about my feelings about climate change, Practical tasks or projects, Setting up locally run pro"&"jects or campaigns") -> Information about what I can do (including talks/demonstrations), Joining others with similar interests so we can create action together, Opportunities to talk about my feelings about climate change, Practical tasks or projects, Setting up locally run projects or campaigns | I36: =IFERROR(__xludf.dummyfunction("""COMPUTED_VALUE"""),"Village projects…. We always pull together so would work ") -> Village projects…. We always pull together so would work | L36: =IFERROR(__xludf.dummyfunction("""COMPUTED_VALUE"""),"45-54") -> 45-54
A37: Digital | B37: =IFERROR(__xludf.dummyfunction("""COMPUTED_VALUE"""),46149.9052231134) -> 46149.905 | C37: =IFERROR(__xludf.dummyfunction("""COMPUTED_VALUE"""),"Household") -> Household | D37: =IFERROR(__xludf.dummyfunction("""COMPUTED_VALUE"""),4) -> 4 | E37: =IFERROR(__xludf.dummyfunction("""COMPUTED_VALUE"""),"The impact on my children and grandchildren, Loss of biodiversity, Higher bills (higher prices of food, water, energy, etc.)") -> The impact on my children and grandchildren, Loss of biodiversity, Higher bills (higher prices of food, water, energy, etc.) | F37: =IFERROR(__xludf.dummyfunction("""COMPUTED_VALUE"""),"Nature friendly gardening (e.g. planting wildflowers, rewilding, using peat-free compost), Used lower carbon ways of travelling (e.g. walking, cycling, public transport), Invested in an electric/hybrid car, Reduced my energy use, Reused or repaired items,"&" Composted or recycled waste") -> Nature friendly gardening (e.g. planting wildflowers, rewilding, using peat-free compost), Used lower carbon ways of travelling (e.g. walking, cycling, public transport), Invested in an electric/hybrid car, Reduced my energy use, Reused or repaired items, Composted or recycled waste | G37: =IFERROR(__xludf.dummyfunction("""COMPUTED_VALUE"""),"I don't have the money") -> I don't have the money | H37: =IFERROR(__xludf.dummyfunction("""COMPUTED_VALUE"""),"None of the above") -> None of the above | L37: =IFERROR(__xludf.dummyfunction("""COMPUTED_VALUE"""),"45-54") -> 45-54
A38: Digital | B38: =IFERROR(__xludf.dummyfunction("""COMPUTED_VALUE"""),46149.9129242014) -> 46149.913 | C38: =IFERROR(__xludf.dummyfunction("""COMPUTED_VALUE"""),"Household") -> Household | D38: =IFERROR(__xludf.dummyfunction("""COMPUTED_VALUE"""),4) -> 4 | E38: =IFERROR(__xludf.dummyfunction("""COMPUTED_VALUE"""),"The impact on my children and grandchildren, Loss of biodiversity, Water shortages, Higher bills (higher prices of food, water, energy, etc.)") -> The impact on my children and grandchildren, Loss of biodiversity, Water shortages, Higher bills (higher prices of food, water, energy, etc.) | F38: =IFERROR(__xludf.dummyfunction("""COMPUTED_VALUE"""),"Nature friendly gardening (e.g. planting wildflowers, rewilding, using peat-free compost), Adopted a more climate-friendly diet (e.g. reduced meat consumption, buying local, buying food in season), Reduced my travel, Used lower carbon ways of travelling ("&"e.g. walking, cycling, public transport), Invested in an electric/hybrid car, Reduced my energy use, Reused or repaired items, Composted or recycled waste, Reduced water use (e.g. install water butts, shorter showers)") -> Nature friendly gardening (e.g. planting wildflowers, rewilding, using peat-free compost), Adopted a more climate-friendly diet (e.g. reduced meat consumption, buying local, buying food in season), Reduced my travel, Used lower carbon ways of travelling (e.g. walking, cycling, public transport), Invested in an electric/hybrid car, Reduced my energy use, Reused or repaired items, Composted or recycled waste, Reduced water use (e.g. install water butts, shorter showers) | G38: =IFERROR(__xludf.dummyfunction("""COMPUTED_VALUE"""),"I don't have the money, I don't have the time") -> I don't have the money, I don't have the time | H38: =IFERROR(__xludf.dummyfunction("""COMPUTED_VALUE"""),"None of the above") -> None of the above | L38: =IFERROR(__xludf.dummyfunction("""COMPUTED_VALUE"""),"45-54") -> 45-54
A39: Digital | B39: =IFERROR(__xludf.dummyfunction("""COMPUTED_VALUE"""),46149.9131133449) -> 46149.913 | C39: =IFERROR(__xludf.dummyfunction("""COMPUTED_VALUE"""),"Household") -> Household | D39: =IFERROR(__xludf.dummyfunction("""COMPUTED_VALUE"""),4) -> 4 | E39: =IFERROR(__xludf.dummyfunction("""COMPUTED_VALUE"""),"The impact on my children and grandchildren, Loss of biodiversity, Extreme heat/wildfires, Impacts of climate change on poorer communities elsewhere in the world") -> The impact on my children and grandchildren, Loss of biodiversity, Extreme heat/wildfires, Impacts of climate change on poorer communities elsewhere in the world | F39: =IFERROR(__xludf.dummyfunction("""COMPUTED_VALUE"""),"Nature friendly gardening (e.g. planting wildflowers, rewilding, using peat-free compost), Adopted a more climate-friendly diet (e.g. reduced meat consumption, buying local, buying food in season), Used lower carbon ways of travelling (e.g. walking, cycli"&"ng, public transport), Installed insulation, Installed a greener heating system, Hired or borrowed items instead of buying, Reused or repaired items, Composted or recycled waste, Reduced flood risk by replacing solid surfaces with permeable surfaces, Redu"&"ced water use (e.g. install water butts, shorter showers), Talked to friends and family about climate change or actions I've taken") -> Nature friendly gardening (e.g. planting wildflowers, rewilding, using peat-free compost), Adopted a more climate-friendly diet (e.g. reduced meat consumption, buying local, buying food in season), Used lower carbon ways of travelling (e.g. walking, cycling, public transport), Installed insulation, Installed a greener heating system, Hired or borrowed items instead of buying, Reused or repaired items, Composted or recycled waste, Reduced flood risk by replacing solid surfaces with permeable surfaces, Reduced water use (e.g. install water butts, shorter showers), Talked to friends and family about climate change or actions I've taken | G39: =IFERROR(__xludf.dummyfunction("""COMPUTED_VALUE"""),"I don't know what I can do, I've done as much as I can") -> I don't know what I can do, I've done as much as I can | H39: =IFERROR(__xludf.dummyfunction("""COMPUTED_VALUE"""),"Information about what I can do (including talks/demonstrations), Practical tasks or projects") -> Information about what I can do (including talks/demonstrations), Practical tasks or projects | I39: =IFERROR(__xludf.dummyfunction("""COMPUTED_VALUE"""),"Traffic through the village, better public bus service to the village") -> Traffic through the village, better public bus service to the village | K39: =IFERROR(__xludf.dummyfunction("""COMPUTED_VALUE"""),"Thank you for getting people talking about this") -> Thank you for getting people talking about this | L39: =IFERROR(__xludf.dummyfunction("""COMPUTED_VALUE"""),"45-54") -> 45-54
A40: Digital | B40: =IFERROR(__xludf.dummyfunction("""COMPUTED_VALUE"""),46150.7345275926) -> 46150.735 | C40: =IFERROR(__xludf.dummyfunction("""COMPUTED_VALUE"""),"Household") -> Household | D40: =IFERROR(__xludf.dummyfunction("""COMPUTED_VALUE"""),5) -> 5 | E40: =IFERROR(__xludf.dummyfunction("""COMPUTED_VALUE"""),"Loss of biodiversity, Floods and storms, Water shortages, Extreme heat/wildfires, Higher bills (higher prices of food, water, energy, etc.), Economic/political instability") -> Loss of biodiversity, Floods and storms, Water shortages, Extreme heat/wildfires, Higher bills (higher prices of food, water, energy, etc.), Economic/political instability | F40: =IFERROR(__xludf.dummyfunction("""COMPUTED_VALUE"""),"Reduced my travel, Used lower carbon ways of travelling (e.g. walking, cycling, public transport), Reduced my energy use, Reused or repaired items, Composted or recycled waste") -> Reduced my travel, Used lower carbon ways of travelling (e.g. walking, cycling, public transport), Reduced my energy use, Reused or repaired items, Composted or recycled waste | G40: =IFERROR(__xludf.dummyfunction("""COMPUTED_VALUE"""),"I don't have the money, I don't have the time") -> I don't have the money, I don't have the time | H40: =IFERROR(__xludf.dummyfunction("""COMPUTED_VALUE"""),"Joining others with similar interests so we can create action together, Practical tasks or projects, Setting up locally run projects or campaigns") -> Joining others with similar interests so we can create action together, Practical tasks or projects, Setting up locally run projects or campaigns | I40: =IFERROR(__xludf.dummyfunction("""COMPUTED_VALUE"""),"G") -> G | J40: =IFERROR(__xludf.dummyfunction("""COMPUTED_VALUE"""),"G") -> G | K40: =IFERROR(__xludf.dummyfunction("""COMPUTED_VALUE"""),"G") -> G | L40: =IFERROR(__xludf.dummyfunction("""COMPUTED_VALUE"""),"45-54") -> 45-54
A41: Digital | B41: =IFERROR(__xludf.dummyfunction("""COMPUTED_VALUE"""),46150.8915649537) -> 46150.892 | C41: =IFERROR(__xludf.dummyfunction("""COMPUTED_VALUE"""),"Individual") -> Individual | D41: =IFERROR(__xludf.dummyfunction("""COMPUTED_VALUE"""),3) -> 3 | E41: =IFERROR(__xludf.dummyfunction("""COMPUTED_VALUE"""),"The impact on my children and grandchildren, Loss of biodiversity, Floods and storms, Water shortages, Impacts of climate change on poorer communities elsewhere in the world, Climate migration") -> The impact on my children and grandchildren, Loss of biodiversity, Floods and storms, Water shortages, Impacts of climate change on poorer communities elsewhere in the world, Climate migration | F41: =IFERROR(__xludf.dummyfunction("""COMPUTED_VALUE"""),"Nature friendly gardening (e.g. planting wildflowers, rewilding, using peat-free compost), Adopted a more climate-friendly diet (e.g. reduced meat consumption, buying local, buying food in season), Invested in an electric/hybrid car, Reduced my energy use"&", Reused or repaired items, Composted or recycled waste") -> Nature friendly gardening (e.g. planting wildflowers, rewilding, using peat-free compost), Adopted a more climate-friendly diet (e.g. reduced meat consumption, buying local, buying food in season), Invested in an electric/hybrid car, Reduced my energy use, Reused or repaired items, Composted or recycled waste | G41: =IFERROR(__xludf.dummyfunction("""COMPUTED_VALUE"""),"I believe it's up to those in power to lead") -> I believe it's up to those in power to lead | H41: =IFERROR(__xludf.dummyfunction("""COMPUTED_VALUE"""),"Information about what I can do (including talks/demonstrations), Practical tasks or projects") -> Information about what I can do (including talks/demonstrations), Practical tasks or projects | L41: =IFERROR(__xludf.dummyfunction("""COMPUTED_VALUE"""),"45-54") -> 45-54
A42: Digital | B42: =IFERROR(__xludf.dummyfunction("""COMPUTED_VALUE"""),46151.3347855208) -> 46151.335 | C42: =IFERROR(__xludf.dummyfunction("""COMPUTED_VALUE"""),"Individual") -> Individual | D42: =IFERROR(__xludf.dummyfunction("""COMPUTED_VALUE"""),5) -> 5 | E42: =IFERROR(__xludf.dummyfunction("""COMPUTED_VALUE"""),"The impact on my children and grandchildren, Loss of biodiversity, Floods and storms, Higher bills (higher prices of food, water, energy, etc.), Impacts of climate change on poorer communities elsewhere in the world, Climate migration") -> The impact on my children and grandchildren, Loss of biodiversity, Floods and storms, Higher bills (higher prices of food, water, energy, etc.), Impacts of climate change on poorer communities elsewhere in the world, Climate migration | F42: =IFERROR(__xludf.dummyfunction("""COMPUTED_VALUE"""),"Nature friendly gardening (e.g. planting wildflowers, rewilding, using peat-free compost), Used lower carbon ways of travelling (e.g. walking, cycling, public transport), Reduced my energy use, Installed insulation, Reused or repaired items, Composted or "&"recycled waste, Reduced water use (e.g. install water butts, shorter showers), Taken political action (e.g. written to MP, taken part in campaigns or protests), Talked to friends and family about climate change or actions I've taken") -> Nature friendly gardening (e.g. planting wildflowers, rewilding, using peat-free compost), Used lower carbon ways of travelling (e.g. walking, cycling, public transport), Reduced my energy use, Installed insulation, Reused or repaired items, Composted or recycled waste, Reduced water use (e.g. install water butts, shorter showers), Taken political action (e.g. written to MP, taken part in campaigns or protests), Talked to friends and family about climate change or actions I've taken | G42: =IFERROR(__xludf.dummyfunction("""COMPUTED_VALUE"""),"I don't have the money, I don't have the time") -> I don't have the money, I don't have the time | H42: =IFERROR(__xludf.dummyfunction("""COMPUTED_VALUE"""),"Information about what I can do (including talks/demonstrations), Attending protests") -> Information about what I can do (including talks/demonstrations), Attending protests | I42: =IFERROR(__xludf.dummyfunction("""COMPUTED_VALUE"""),"Focus on nature! Create more nature friendly environments (Hunter park has space) and we have lots of other spaces. Focusing in on habits. A campaign to ask people to create nature friendly gardens and ‘’how to tips’’. Ensure that the new building develop"&"ments has green spaces and biodiversity thinking. Swift boxes. Let the hedgerows grow. Encourage wild meadows (hazely road land) Traffic lights at the bugle (get them in (what’s taking so long and reduce emissions). A bike track to winchester that is acce"&"ssible for families. ") -> Focus on nature! Create more nature friendly environments (Hunter park has space) and we have lots of other spaces. Focusing in on habits. A campaign to ask people to create nature friendly gardens and ‘’how to tips’’. Ensure that the new building developments has green spaces and biodiversity thinking. Swift boxes. Let the hedgerows grow. Encourage wild meadows (hazely road land) Traffic lights at the bugle (get them in (what’s taking so long and reduce emissions). A bike track to winchester that is accessible for families. | L42: =IFERROR(__xludf.dummyfunction("""COMPUTED_VALUE"""),"45-54") -> 45-54
A43: Digital | B43: =IFERROR(__xludf.dummyfunction("""COMPUTED_VALUE"""),46151.3421443287) -> 46151.342 | C43: =IFERROR(__xludf.dummyfunction("""COMPUTED_VALUE"""),"Household") -> Household | D43: =IFERROR(__xludf.dummyfunction("""COMPUTED_VALUE"""),4) -> 4 | E43: =IFERROR(__xludf.dummyfunction("""COMPUTED_VALUE"""),"The impact on my children and grandchildren, Loss of biodiversity") -> The impact on my children and grandchildren, Loss of biodiversity | F43: =IFERROR(__xludf.dummyfunction("""COMPUTED_VALUE"""),"Used lower carbon ways of travelling (e.g. walking, cycling, public transport), Invested in an electric/hybrid car, Reduced my energy use, Composted or recycled waste, Reduced water use (e.g. install water butts, shorter showers), Talked to friends and fa"&"mily about climate change or actions I've taken") -> Used lower carbon ways of travelling (e.g. walking, cycling, public transport), Invested in an electric/hybrid car, Reduced my energy use, Composted or recycled waste, Reduced water use (e.g. install water butts, shorter showers), Talked to friends and family about climate change or actions I've taken | G43: =IFERROR(__xludf.dummyfunction("""COMPUTED_VALUE"""),"I don't have the money") -> I don't have the money | H43: =IFERROR(__xludf.dummyfunction("""COMPUTED_VALUE"""),"Information about what I can do (including talks/demonstrations)") -> Information about what I can do (including talks/demonstrations) | L43: =IFERROR(__xludf.dummyfunction("""COMPUTED_VALUE"""),"35-44") -> 35-44
A44: Digital | B44: =IFERROR(__xludf.dummyfunction("""COMPUTED_VALUE"""),46151.3548928588) -> 46151.355 | C44: =IFERROR(__xludf.dummyfunction("""COMPUTED_VALUE"""),"Individual") -> Individual | D44: =IFERROR(__xludf.dummyfunction("""COMPUTED_VALUE"""),5) -> 5 | E44: =IFERROR(__xludf.dummyfunction("""COMPUTED_VALUE"""),"The impact on my children and grandchildren, Loss of biodiversity, Floods and storms, Water shortages, Extreme heat/wildfires, Higher bills (higher prices of food, water, energy, etc.), Economic/political instability, Impacts of climate change on poorer c"&"ommunities elsewhere in the world, Climate migration") -> The impact on my children and grandchildren, Loss of biodiversity, Floods and storms, Water shortages, Extreme heat/wildfires, Higher bills (higher prices of food, water, energy, etc.), Economic/political instability, Impacts of climate change on poorer communities elsewhere in the world, Climate migration | F44: =IFERROR(__xludf.dummyfunction("""COMPUTED_VALUE"""),"Nature friendly gardening (e.g. planting wildflowers, rewilding, using peat-free compost), Adopted a more climate-friendly diet (e.g. reduced meat consumption, buying local, buying food in season), Reduced my travel, Used lower carbon ways of travelling ("&"e.g. walking, cycling, public transport), Invested in an electric/hybrid car, Reduced my energy use, Installed insulation, Composted or recycled waste, Reduced flood risk by replacing solid surfaces with permeable surfaces, Reduced water use (e.g. install"&" water butts, shorter showers), Talked to friends and family about climate change or actions I've taken") -> Nature friendly gardening (e.g. planting wildflowers, rewilding, using peat-free compost), Adopted a more climate-friendly diet (e.g. reduced meat consumption, buying local, buying food in season), Reduced my travel, Used lower carbon ways of travelling (e.g. walking, cycling, public transport), Invested in an electric/hybrid car, Reduced my energy use, Installed insulation, Composted or recycled waste, Reduced flood risk by replacing solid surfaces with permeable surfaces, Reduced water use (e.g. install water butts, shorter showers), Talked to friends and family about climate change or actions I've taken | G44: =IFERROR(__xludf.dummyfunction("""COMPUTED_VALUE"""),"I don't have the time") -> I don't have the time | H44: =IFERROR(__xludf.dummyfunction("""COMPUTED_VALUE"""),"None of the above") -> None of the above | I44: =IFERROR(__xludf.dummyfunction("""COMPUTED_VALUE"""),"Cycle path along main road from church lane to hockley ") -> Cycle path along main road from church lane to hockley | J44: =IFERROR(__xludf.dummyfunction("""COMPUTED_VALUE"""),"Greener Twyford Campaign GTC") -> Greener Twyford Campaign GTC | L44: =IFERROR(__xludf.dummyfunction("""COMPUTED_VALUE"""),"55-64") -> 55-64
A45: Digital | B45: =IFERROR(__xludf.dummyfunction("""COMPUTED_VALUE"""),46151.3698210069) -> 46151.37 | C45: =IFERROR(__xludf.dummyfunction("""COMPUTED_VALUE"""),"Household") -> Household | D45: =IFERROR(__xludf.dummyfunction("""COMPUTED_VALUE"""),3) -> 3 | E45: =IFERROR(__xludf.dummyfunction("""COMPUTED_VALUE"""),"The impact on my children and grandchildren, Loss of biodiversity, Floods and storms, Water shortages, Higher bills (higher prices of food, water, energy, etc.), Economic/political instability, Impacts of climate change on poorer communities elsewhere in "&"the world") -> The impact on my children and grandchildren, Loss of biodiversity, Floods and storms, Water shortages, Higher bills (higher prices of food, water, energy, etc.), Economic/political instability, Impacts of climate change on poorer communities elsewhere in the world | F45: =IFERROR(__xludf.dummyfunction("""COMPUTED_VALUE"""),"Nature friendly gardening (e.g. planting wildflowers, rewilding, using peat-free compost), Reduced my travel, Installed insulation, Installed a greener heating system, Hired or borrowed items instead of buying, Reused or repaired items, Composted or recyc"&"led waste") -> Nature friendly gardening (e.g. planting wildflowers, rewilding, using peat-free compost), Reduced my travel, Installed insulation, Installed a greener heating system, Hired or borrowed items instead of buying, Reused or repaired items, Composted or recycled waste | G45: =IFERROR(__xludf.dummyfunction("""COMPUTED_VALUE"""),"I don't know what I can do, I don't have the time") -> I don't know what I can do, I don't have the time | H45: =IFERROR(__xludf.dummyfunction("""COMPUTED_VALUE"""),"Information about what I can do (including talks/demonstrations), Practical tasks or projects") -> Information about what I can do (including talks/demonstrations), Practical tasks or projects | L45: =IFERROR(__xludf.dummyfunction("""COMPUTED_VALUE"""),"45-54") -> 45-54
